 Dungeon Crawl Stone Soup version 0.26-a0-52-gd53d4cd058 (webtiles) character file.

Game seed: 14084313604924624532

1436706 Hasart the Archmage (level 27, 0/273 (278) HPs)
             Began as a Demonspawn Wizard on June 6, 2020.
             Was the Champion of Vehumet.
             Killed by something's death curse (22 damage)
             ... on level 19 of a ziggurat on June 7, 2020.
             The game lasted 08:31:40 (129379 turns).

Hasart the Archmage (Demonspawn Wizard)           Turns: 129379, Time: 08:31:40

HP:   0/273 (278)   AC: 41    Str:  7    XL:     27
MP:   50/57         EV: 16    Int: 46    God:    Vehumet [******]
Gold: 10680         SH: 19    Dex: 20    Spells: 8/80 levels left

rFire    + + .     SeeInvis +   Z - +3 Elemental Staff {rElec rF++ rC++ MR++ AC+5}
rCold    + + +     Gourm    .   J - +5 kite shield {reflect}
rNeg     + + .     Faith    .   W - +3 ring mail "Yngept" {rC+ MR+ Regen+ rCorr}
rPois    +         Spirit   .   (helmet unavailable)
rElec    +         Reflect  +   w - +1 cloak "Qeisk" {*Contam rElec rN++ MP+9}
rCorr    +         Harm     .   U - +3 pair of gloves of Mental Paralysis {rC+++ Int+3 Dex+6 Stlth-}
MR       +++++                  l - +0 pair of boots "Rilix" {Int+2 Stlth+}
Stlth    ++++++++..             H - amulet of the Scarab {rC+ Regen+ Int+7}
HPRegen  1.35/turn              b - ring of the Mage {Wiz MR++ Int+3}
MPRegen  0.35/turn              G - ring of Midsummer {AC+4 SInv Stlth+}

@: slowed, studying Shields, very slow
A: horns 3, slimy green scales 3, cold resistance 1, icemail, low mp 1,
nightstalker 3, robust 3, freezing cloud immunity
}: 15/15 runes: serpentine, barnacled, slimy, silver, golden, iron, obsidian,
icy, bone, abyssal, demonic, glowing, magical, fiery, dark
a: Renounce Religion


You were on level 19 of a ziggurat.
You worshipped Vehumet.
Vehumet was exalted by your worship.
You were very hungry.

You visited 18 branches of the dungeon, and saw 89 of its levels.
You visited Pandemonium 2 times, and saw 15 of its levels.
You visited the Abyss 6 times.
You visited 1 bazaar.
You visited 1 ziggurat, and saw 19 of its levels.
You also visited: Wizlab.

You collected 17900 gold pieces.
You spent 7220 gold pieces at shops.

Inventory:

Hand Weapons
 t - the +6 Majin-Bo {vamp, Archmagi MP+6 Int+6}
   (You took it off a balrug on level 7 of Gehenna)

   It inflicts no extra harm, but heals its wielder when it wounds a living foe.
   It affects your intelligence (+6).
   It affects your magic capacity (+6).
 Z - the +3 Elemental Staff (weapon) {rElec rF++ rC++ MR++ AC+5}
   (You found it on level 5 of the Vaults)

   It affects your AC (+5).
   It greatly protects you from fire.
   It greatly protects you from cold.
   It insulates you from electricity.
   It affects your resistance to hostile enchantments.
Missiles
 K - 8 throwing nets (quivered)
Armour
 l - the +0 pair of boots "Rilix" (worn) {Int+2 Stlth+}
   (You bought it in a shop on level 3 of the Elven Halls)

   It affects your intelligence (+2).
   It makes you more stealthy.
 w - the +1 cloak "Qeisk" (worn) {*Contam rElec rN++ MP+9}
   (You found it in a wizard's laboratory)

   It insulates you from electricity.
   It greatly protects you from negative energy.
   It affects your magic capacity (+9).
   It causes magical contamination when unequipped.
 J - a +5 kite shield of reflection (worn)
 U - the +3 pair of gloves of Mental Paralysis (worn) {rC+++ Int+3 Dex+6 Stlth-}
   (You found it on level 1 of the Elven Halls)

   It affects your intelligence (+3).
   It affects your dexterity (+6).
   It renders you almost immune to cold.
   It makes you less stealthy.
 W - the +3 ring mail "Yngept" (worn) {rC+ MR+ Regen+ rCorr}
   (You found it on level 1 of the Elven Halls)

   It protects you from cold.
   It affects your resistance to hostile enchantments.
   It increases your rate of regeneration.
   It provides partial protection from all sources of acid and corrosion.
Jewellery
 b - the ring of the Mage (left hand) {Wiz MR++ Int+3}
   (You bought it in a shop on level 1 of the Snake Pit)

   [ring of wizardry]

   It improves your spell success rate.
   It affects your intelligence (+3).
   It affects your resistance to hostile enchantments.
 G - the ring of Midsummer (right hand) {AC+4 SInv Stlth+}
   (You bought it in a shop on level 2 of the Orcish Mines)

   [ring of protection]

   It affects your AC (+4).
   It lets you see invisible.
   It makes you more stealthy.
 H - the amulet of the Scarab (around neck) {rC+ Regen+ Int+7}
   (You bought it in a shop on level 1 of the Snake Pit)

   [amulet of regeneration]

   It affects your intelligence (+7).
   It protects you from cold.
   It increases your rate of regeneration.
 Y - the amulet "Wam Uwet" {RegenMP rPois rF++}
   (You found it on level 12 of a ziggurat)

   [amulet of magic regeneration]

   It increases your magic regeneration.
   It greatly protects you from fire.
   It protects you from poison.
Wands
 c - a wand of disintegration (9)
 m - a wand of acid (33)
 B - a wand of iceblast (35)
 S - a wand of digging (22)
 T - a wand of clouds (19)
Scrolls
 a - 10 scrolls of fog
 i - 13 scrolls of enchant armour
 n - 23 scrolls of identify
 q - 13 scrolls of amnesia
 r - 8 scrolls of magic mapping
 y - 40 scrolls of remove curse
 z - 38 scrolls of teleportation
 A - 10 scrolls of fear
 C - 3 scrolls of summoning
 E - 17 scrolls of blinking
 F - 11 scrolls of immolation
 M - 3 scrolls of silence
Potions
 e - 29 potions of curing
 g - 15 potions of flight
 h - 13 potions of cancellation
 j - 4 potions of ambrosia
 o - 14 potions of heal wounds
 s - 13 potions of mutation
 x - 10 potions of haste
 L - 7 potions of resistance
 N - 6 potions of magic
 P - 7 potions of might
 R - 4 potions of invisibility
Books
 X - a manual of Shields
Miscellaneous
 u - a figurine of a ziggurat
 v - 17 phantom mirrors
Comestibles
 d - 34 rations


   Skills:
 + Level 17.0 Fighting
   Level 8.0 Short Blades
 - Level 12.0 Staves
 - Level 10.0 Armour
 + Level 9.9 Dodging
 + Level 8.5 Stealth
 + Level 17.9 Shields
 O Level 27 Spellcasting
 - Level 21.0 Conjurations
   Level 6.0 Summonings
 - Level 19.0 Translocations
 * Level 10.1 Transmutations
 - Level 21.0 Fire Magic
 - Level 25.0 Ice Magic
 - Level 21.0 Air Magic
 - Level 21.0 Earth Magic
   Level 6.0 Poison Magic
 - Level 16.0 Evocations


You had 8 spell levels left.
You knew the following spells:

 Your Spells              Type           Power        Failure   Level  Hunger
a - Freeze                Ice            ####         0%          1    None
b - Tornado               Air            #########.   1%          9    None
c - Absolute Zero         Ice            #########.   1%          9    None
d - Ozocubu's Refrigerat  Ice            #########.   0%          6    None
e - Shatter               Erth           #########.   1%          9    None
f - Ignition              Fire           #########.   1%          8    None
g - Controlled Blink      Tloc           N/A          1%          8    None
h - Swiftness             Chrm/Air       ########     0%          2    None
q - Blink                 Tloc           N/A          0%          2    None
s - Fire Storm            Conj/Fire      #########.   1%          9    None
w - Passage of Golubria   Tloc           N/A          0%          4    None
z - Irradiate             Conj/Tmut      ########..   1%          5    None

Your spell library contained the following spells:

 Spells                   Type           Power        Failure   Level  Hunger
 Apportation              Tloc           ######       0%          1    None
 Beastly Appendage        Tmut           ######       0%          1    None
 Foxfire                  Conj/Fire      ####         0%          1    None
 Magic Dart               Conj           ####         0%          1    None
 Sandblast                Erth           ######       0%          1    None
 Shock                    Conj/Air       ####         0%          1    None
 Sting                    Tmut/Pois      ####         0%          1    None
 Corpse Rot               Necr/Air       N/A          0%          2    None
 Ensorcelled Hibernation  Hex/Ice        ######       0%          2    None
 Passwall                 Tmut/Erth      ########     0%          2    None
 Poisonous Vapours        Pois/Air       ######       0%          2    None
 Searing Ray              Conj           ######       0%          2    None
 Shroud of Golubria       Chrm/Tloc      ######       0%          2    None
 Sticks to Snakes         Tmut           ########     0%          2    None
 Conjure Flame            Conj/Fire      ########     0%          3    None
 Dazzling Flash           Conj/Hex       ######       0%          3    None
 Frozen Ramparts          Ice            ######       0%          3    None
 Gell's Gravitas          Tloc           ########..   0%          3    None
 Ignite Poison            Fire/Tmut/Pois ########     0%          3    None
 Inner Flame              Hex/Fire       ########     0%          3    None
 Lesser Beckoning         Tloc           ########..   0%          3    None
 Mephitic Cloud           Conj/Pois/Air  ########     0%          3    None
 Ozocubu's Armour         Chrm/Ice       ########     0%          3    None
 Recall                   Summ/Tloc      N/A          0%          3    None
 Static Discharge         Conj/Air       ########     0%          3    None
 Stone Arrow              Conj/Erth      ######       0%          3    None
 Teleport Other           Tloc           ########     0%          3    None
 Hailstorm                Conj/Ice       ########     0%          4    None
 Ice Form                 Ice/Tmut       ########     0%          4    None
 Iskenderun's Mystic Bla  Conj/Tloc      ########     0%          4    None
 Petrify                  Tmut/Erth      ########     0%          4    None
 Sticky Flame             Conj/Fire      ########     0%          4    None
 Summon Ice Beast         Ice/Summ       ########     0%          4    None
 Summon Lightning Spire   Summ/Air       ########     0%          4    None
 Bolt of Magma            Conj/Fire/Erth #########.   0%          5    None
 Fireball                 Conj/Fire      #########.   0%          5    None
 Lee's Rapid Deconstruct  Erth           #########.   0%          5    None
 Lightning Bolt           Conj/Air       #########.   0%          5    None
 Conjure Ball Lightning   Conj/Air       #########.   0%          6    None
 Freezing Cloud           Conj/Ice/Air   #########.   0%          6    None
 Iron Shot                Conj/Erth      #########.   0%          6    None
 Animate Skeleton         Necr           N/A          1%          1    None
 Corona                   Hex            ######.      1%          1    None
 Infusion                 Chrm           ####         1%          1    None
 Pain                     Necr           ####         1%          1    None
 Summon Butterflies       Summ           #######.     1%          1    None
 Summon Small Mammal      Summ           ####         1%          1    None
 Call Imp                 Summ           #######.     1%          2    None
 Slow                     Hex            ######..     1%          2    None
 Song of Slaying          Chrm           ######..     1%          2    None
 Sublimation of Blood     Necr           ######....   1%          2    None
 Call Canine Familiar     Summ           #######.     1%          3    None
 Confusing Touch          Hex            ######..     1%          3    None
 Portal Projectile        Hex/Tloc       ######       1%          3    None
 Spectral Weapon          Hex/Chrm       ######..     1%          3    None
 Spider Form              Tmut/Pois      #######...   1%          3    None
 Summon Guardian Golem    Hex/Summ       ######..     1%          3    None
 Tukima's Dance           Hex            ######..     1%          3    None
 Vampiric Draining        Necr           ######....   1%          3    None
 Fulminant Prism          Conj/Hex       ########..   1%          4    None
 Leda's Liquefaction      Hex/Erth       ########..   1%          4    None
 Olgreb's Toxic Radiance  Pois           #######.     1%          4    None
 Alistair's Intoxication  Tmut/Pois      #######.     1%          5    None
 Blade Hands              Tmut           ########..   1%          5    None
 Borgnjor's Vile Clutch   Necr/Erth      ########..   1%          5    None
 Iskenderun's Battlesphe  Conj/Chrm      ########     1%          5    None
 Metabolic Englaciation   Hex/Ice        ########..   1%          5    None
 Silence                  Hex/Air        ########..   1%          5    None
 Summon Forest            Summ/Tloc      ########..   1%          5    None
 Summon Mana Viper        Hex/Summ       ######..     1%          5    None
 Yara's Violent Unravell  Hex/Tmut       #######...   1%          5    None
 Dispersal                Tloc           ########..   1%          6    None
 Eringya's Noxious Bog    Tmut/Pois      #######...   1%          6    None
 Hydra Form               Tmut           ########..   1%          6    None
 Simulacrum               Ice/Necr       ########..   1%          6    None
 Statue Form              Tmut/Erth      ########.    1%          6    None
 Malign Gateway           Summ/Tloc      ########..   1%          7    None
 Orb of Destruction       Conj           ########..   1%          7    None
 Spellforged Servitor     Conj/Summ      ########..   1%          7    None
 Chain Lightning          Conj/Air       #########.   1%          8    None
 Disjunction              Tloc           ########..   1%          8    None
 Lehudib's Crystal Spear  Conj/Erth      #########.   1%          8    None
 Animate Dead             Necr           N/A          2%          4    None
 Cause Fear               Hex            ######....   2%          4    None
 Dispel Undead            Necr           ######..     2%          4    None
 Shadow Creatures         Summ           N/A          2%          6    None
 Dragon Form              Tmut           ########..   2%          7    None
 Ring of Flames           Chrm/Fire      ########..   2%          7    None
 Agony                    Necr           ######..     6%          5    None
 Excruciating Wounds      Chrm/Necr      ######....   6%          5    None
 Monstrous Menagerie      Summ           #######...   16%         7    None
 Summon Greater Demon     Summ           #######...   16%         7    None
 Summon Hydra             Summ           #######...   16%         7    None
 Darkness                 Hex            ######....   32%         6    None
 Death Channel            Necr           ######....   32%         6    None
 Invisibility             Hex            ######..     32%         6    None
 Summon Horrible Things   Summ           #######...   71%         8    None
 Borgnjor's Revivificati  Necr           ######....   100%        8    None
 Discord                  Hex            ######....   100%        8    None
 Dragon's Call            Summ           #######...   100%        9    None


Dungeon Overview and Level Annotations

Branches:
Dungeon (15/15)            Temple (1/1) D:4            Lair (6/6) D:8
 Shoals (4/4) Lair:3        Snake (4/4) Lair:3        Slime (5/5) Lair:6
    Orc (2/2) D:10            Elf (3/3) Orc:2        Vaults (5/5) D:14
  Crypt (3/3) Vaults:2       Tomb (3/3) Crypt:3      Depths (5/5) D:15
   Hell (visited)             Dis (7/7) Hell            Geh (7/7) Hell
    Coc (7/7) Hell            Tar (7/7) Hell            Zot (5/5) Depths:5
 WizLab (visited)

Altars:
Ashenzari
Cheibriados
Dithmenos
Elyvilon
Fedhas
Gozag
Kikubaaqudgha
Makhleb
Nemelex Xobeh
Okawaru
Qazlal
Sif Muna
Trog
Vehumet
Wu Jian
Xom
Yredelemnul
Jiyva
Lugonu

Shops:
D:10 (   Orc:2 =(*[   Elf:3 [   Snake:1 ([=%   Snake:2 (}%*(   Vaults:1 *
Vaults:3 *}%?

Portals:
Hell: Depths:1 Depths:2 Depths:3 Depths:4 Depths:5
Abyss: Depths:3 Depths:4
Pandemonium: Depths:3

Annotations:
D:8 1 transporter
D:10 3 runed translucent doors, exclusion: obsidian statue


Innate Abilities, Weirdness & Mutations

You have a pair of large horns on your head.
You are completely covered in slimy green scales. (AC +4, rPois)
Your flesh is cold resistant. (rC+)
A meltable icy envelope protects you from harm. (AC +10)
You are completely attuned to the shadows.
You are extremely robust. (+30% HP)
You are immune to freezing clouds.
Your magical capacity is low. (-10% MP)


Message History

Your fire vortex barely misses the greater mummy.
The greater mummy is engulfed in blazing flames.
The greater mummy hits your fire vortex!!
Something barely misses your fire vortex.
Your fire vortex barely misses the greater mummy.
Casting: Absolute Zero (mildly dangerous; 1% risk of failure)
Confirm with . or Enter, or press ? or * to list all spells.
Aiming: Fire Storm (mildly dangerous; 1% risk of failure)
Press: ? - help, Dir - move target cursor, f - greater mummy
Aim: a greater mummy (severely damaged)
You feel a surge of power!
A raging storm of fire appears!
The great blast of fire engulfs the greater mummy!!!!
The greater mummy is almost destroyed.
Vehumet accepts your kill.
You feel a bit more experienced. Vehumet accepts your kill.
You feel your power returning.
You feel a bit more experienced.
You feel extremely nervous for a moment...
Pain shoots through your body!!
You die...

▓▓▓ ▓▓.# .M ▓▓..## ...
▓....##... ▓▓..@8.○vv.
▓....v☼§☼..
▓▓...v.☼°○..
▓......vvMZ..........
▓....v.vv§...........
▓.................M..
▓▓..........v.........
▓..∩..................
▓▓.........v..........


You could see a greater mummy and 8 friendly fire vortices.

Vanquished Creatures
  Cerebov (Pan)
  Asmodeus (Geh:7)
  Antaeus (Coc:7)
  the Royal Jelly (Slime:5)
  Ereshkigal (Tar:7)
  Gloorx Vloq (Pan)
  Mnoleg (Pan)
  the Serpent of Hell (Coc:7)
  A seraph (Pan)
  Lom Lobon (Pan)
  Dispater (Dis:7)
  13 ancient liches
  4 orbs of fire (Zot:5)
  39 greater mummies
  Sojobo (Depths:3)
  Frederick (Vaults:5)
  Vashnia (Snake:2)
  6 shard shrikes
  2 Killer Klowns (Zot:5)
  Bai Suzhen (Vaults:4)
  7 curse toes
  Geryon (Hell)
  11 golden dragons
  Nikola (Shoals:2)
  15 bone dragons
  Jory (Vaults:2)
  The ghost of Nybbakke the Tortoise, an adept MiFi of Gozag (Vaults:2)
  9 pearl dragons
  32 Tzitzimimeh
  The ghost of Rov Woulue the Black Belt, an adept MfTm of Cheibriados (Vaults:2)
  11 doom hounds
  23 Brimstone Fiends
  8 iron giants (Dis:7)
  The ghost of Vileos the Hand of Fortune, an adept DsGl of Nemelex Xobeh (Vaults:2)
  6 electric golems
  15 Hell Sentinels
  Rupert (Lair:4)
  13 Ice Fiends
  9 liches
  25 Orb Guardians (Zot:5)
  The ghost of Faedia the Fighter, an adept GnWn of Okawaru (Vaults:2)
  30 tentacled monstrosities
  The ghost of Moutitz the Tortoise, an adept MiFi of the Shining One (Vaults:2)
  5 titans
  2 deep elf blademasters
  8 quicksilver dragons
  27 acid blobs
  2 deep elf master archers (Elf:3)
  A quicksilver dragon (shapeshifter) (Zig:15)
  21 Executioners
  The ghost of Juteq the Nimble, an adept GnGl of Makhleb (Vaults:2)
  The ghost of Wus Hus the Nimble, an adept GnGl of Makhleb (Vaults:2)
  The ghost of Muon Kaw the Nimble, an adept GnGl of Makhleb (Vaults:2)
  19 ancient champions
  10 sphinxes
  13 death cobs
  A kraken (Shoals:2)
  20 storm dragons
  19 tentacled starspawn
  5 tengu reavers
  7 draconian monks
  7 revenants
  Roxanne (Shoals:2)
  Ilsuiw (Shoals:2)
  4 blood saints (Pan)
  12 iron dragons
  11 azure jellies
  10 fire giants
  12 shadow dragons
  10 nagarajas
  Donald (Snake:2)
  13 daevas (Pan)
  6 draconian knights
  An iron dragon (shapeshifter) (Depths:2)
  15 frost giants
  13 cacodemons
  7 deep elf sorcerers
  Aizul (Snake:2)
  3 orc warlords
  12 vault wardens
  5 warmongers (Pan)
  6 draconian scorchers
  5 emperor scorpions
  8 ghost moths
  34 balrugs
  3 juggernaut zombies
  The ghost of Foufiw the Eclecticist, an adept DENe of Kikubaaqudgha (Vaults:2)
  2 caustic shrike zombies (Hell)
  7 deep elf elementalists
  A ghoul (Crypt:2)
  12 draconian shifters
  25 angels
  3 draconian stormcallers
  72 reapers
  5 curse skulls
  16 ironheart preservers
  14 draconian annihilators
  11 vampire knights
  20 stone giants
  4 black suns (Pan)
  34 very ugly things
  3 elemental wellsprings (Coc:7)
  12 black draconians
  22 war gargoyles
  16 ophanim
  10 entropy weavers
  An entropy weaver (shapeshifter) (D:15)
  10 lorocyprocas
  20 bennus
  Azrael (D:12)
  6 apis
  46 starcursed masses
  7 corrupters
  7 green draconians
  7 deep elf demonologists
  A spark wasp (Zig:11)
  14 deep elf annihilators
  12 yellow draconians
  12 merfolk javelineers
  11 purple draconians
  18 white draconians
  12 deep elf death magi
  14 green deaths
  10 jiangshi
  13 eidola
  14 red draconians
  4 quicksilver dragon zombies
  Josephine (D:10)
  6 death oozes
  21 blizzard demons
  17 ettins
  11 merfolk impalers
  31 mummy priests
  8 fire dragons
  7 deep elf high priests
  24 yaktaur captains
  2 monstrous demonspawn (Pan)
  A kraken zombie (Coc:1)
  28 ice dragons
  16 great orbs of eyes
  11 rakshasas
  6 hell beasts (Pan)
  4 quicksilver dragon skeletons
  20 naga warriors
  4 shambling mangroves (Zig:18)
  10 hydras
  Erolcha (D:9)
  5 merfolk avatars
  2 spriggan air magi
  28 vault guards
  A hydra (shapeshifter) (Vaults:4)
  4 alligator snapping turtles
  An anaconda (shapeshifter) (Zig:15)
  2 ghost crabs (Tar:7)
  65 two-headed ogres
  9 centaur warriors
  11 anacondas
  5 death knights
  4 catoblepae
  4 satyrs
  5 merfolk aquamancers
  11 deep troll shamans
  11 death yaks
  26 dancing weapons
  21 ogre magi
  10 deep troll earth magi
  26 thrashing horrors
  7 spriggan berserkers (Depths:4)
  9 titan zombies
  25 hell hogs
  10 vampire magi
  3 tengu warriors
  63 death scarabs
  12 shock serpents
  10 storm dragon zombies
  Sonja (Lair:4)
  18 naga sharpshooters
  23 sixfirhies
  50 soul eaters
  26 deep elf knights
  4 orc high priests (Orc:2)
  37 sun demons
  9 titan skeletons
  25 shadow wraiths
  17 wretched stars
  16 iron trolls
  8 salamander mystics
  8 iron golems
  2 spark wasp zombies
  2 death drakes
  111 skeletal warriors
  7 golden dragon zombies
  12 sea snakes
  16 unseen horrors
  16 cherubim
  6 storm dragon skeletons
  3 gelid demonspawn (Pan)
  2 sea snakes (shapeshifter)
  2 ghost moth zombies
  21 hell knights
  15 anaconda zombies
  5 torturous demonspawn (Pan)
  6 spatial maelstroms
  11 naga ritualists
  4 spriggan druids (Zig:18)
  8 wizards
  6 infernal demonspawn (Pan)
  15 shadow demons
  28 deep trolls
  2 golden dragon skeletons
  4 shadow dragon zombies
  6 glowing orange brains
  8 flayed ghosts
  6 swamp dragons
  An unseen horror (shapeshifter) (Vaults:3)
  30 phantasmal warriors
  7 anaconda skeletons
  17 deep elf archers
  21 ironbrand convokers
  An obsidian statue (WizLab)
  9 fire giant zombies
  7 wolf spider zombies
  28 harpies
  23 necromancers
  A mana viper (shapeshifter) (Vaults:2)
  66 deep elf magi
  4 orb spiders
  16 orc knights
  5 orc sorcerers
  A harpy (shapeshifter) (Abyss:3)
  4 stone giant zombies
  50 ugly things
  A shining eye (shapeshifter) (Depths:5)
  10 mana vipers
  2 fauns (shapeshifter)
  7 cyclopes
  22 manticores
  4 shadow dragon skeletons
  15 salamanders
  7 iron dragon zombies
  4 shining eyes
  10 frost giant zombies
  A sphinx skeleton (WizLab)
  A moth of wrath (shapeshifter) (Vaults:4)
  12 wolf spiders
  16 worldbinders
  10 fauns
  3 oklob plants
  4 stone giant skeletons
  10 elephants
  3 ball lightnings
  2 frost giant skeletons
  34 moths of wrath
  50 black mambas
  14 merfolk sirens
  8 iron dragon skeletons
  2 titan simulacra (Coc:7)
  2 ice statues (Hell)
  4 dire elephant zombies
  8 torpor snails
  A cyclops (shapeshifter) (Zig:15)
  A guardian serpent (shapeshifter) (Vaults:3)
  5 fire giant skeletons
  2 shock serpent zombies
  22 rust devils
  41 smoke demons
  17 vault sentinels
  6 eyes of devastation
  16 guardian serpents
  24 naga magi
  11 water nymphs
  15 orange demons
  20 molten gargoyles
  12 spiny frogs
  12 apocalypse crabs
  A spiny frog (shapeshifter) (Vaults:3)
  A yellow draconian zombie (Crypt:1)
  A shock serpent skeleton (Crypt:2)
  Maurice (D:9)
  Maggie (D:6)
  30 hellions
  5 storm dragon simulacra
  A gargoyle (D:14)
  3 catoblepas zombies
  An emperor scorpion zombie (Tar:7)
  A komodo dragon (shapeshifter) (Elf:1)
  A kobold demonologist (D:11)
  15 efreet
  9 dire elephant skeletons
  34 freezing wraiths
  15 hydra zombies
  28 hellwings
  37 yaktaurs
  9 komodo dragons
  5 tengu conjurers
  35 tormentors
  5 anaconda simulacra (Coc:7)
  27 ice devils
  2 silent spectres
  10 demonic crawlers
  59 guardian mummies
  45 red devils
  44 merfolk
  2 harpy zombies
  3 polar bears
  5 trolls
  22 ancient zymes
  9 jumping spiders
  A polar bear (shapeshifter) (Abyss:1)
  3 catoblepas skeletons
  2 blink frogs (shapeshifter)
  A wolf spider simulacrum (Coc:3)
  A tyrant leech (shapeshifter) (Zig:15)
  4 wind drakes
  5 hornets
  25 blink frogs
  A tyrant leech (Zig:18)
  A harpy skeleton (Tar:6)
  3 bog bodies (Zig:18)
  45 raiju
  78 slime creatures
  A slime creature (shapeshifter) (D:14)
  5 alligator zombies
  3 ice dragon zombies
  9 hippogriffs
  A deep troll zombie (Hell)
  A fire giant simulacrum (Abyss:1)
  8 hydra skeletons
  12 snapping turtles
  10 ettin zombies
  16 dream sheep
  3 fire dragon zombies
  4 air elementals
  A satyr zombie (Crypt:1)
  A spriggan (shapeshifter) (Abyss:3)
  149 flying skulls
  27 shadows
  Sigmund (D:4)
  24 ynoxinuls
  3 wyverns
  A dire elephant simulacrum (Coc:7)
  13 ettin skeletons
  3 alligator skeletons
  12 redbacks
  2 redbacks (shapeshifter) (Zig:15)
  9 tarantellas
  A black mamba zombie (Abyss:3)
  21 water elementals
  2 vampires
  A human (D:7)
  5 ice dragon skeletons
  4 fire bats
  11 fire dragon skeletons
  4 black mamba skeletons
  2 humans (shapeshifter)
  A basilisk (shapeshifter) (D:15)
  49 yaks
  A golden eye (shapeshifter) (Elf:1)
  4 hogs (D:7)
  31 ushabtiu
  27 fire elementals
  11 golden eyes
  A steam dragon (shapeshifter) (Vaults:5)
  38 wraiths
  4 basilisks
  17 chaos spawn
  A catoblepas simulacrum (Abyss:3)
  A hungry ghost (Abyss:1)
  A steam dragon (D:13)
  A human simulacrum (Vaults:1)
  4 vampire mosquitoes
  27 neqoxecs
  A wind drake skeleton (Crypt:2)
  14 spatial vortices
  5 wargs
  85 large abominations
  73 nagas
  9 spiny frog zombies
  3 acid dragons
  8 insubstantial wisps
  12 water moccasins
  A floating eye (Pan)
  Duvessa (D:5)
  2 human skeletons
  3 hydra simulacra
  39 hell hounds
  A merfolk skeleton (Tar:4)
  An orb spider zombie (Crypt:2)
  10 porcupines
  2 swamp drakes (Zig:18)
  A gelid demonspawn skeleton (Tar:7)
  A hornet zombie (Crypt:2)
  5 spiny frog skeletons
  37 orc warriors
  An ice beast (shapeshifter) (Abyss:1)
  2 eyes of draining (shapeshifter)
  A swamp dragon zombie (Geh:7)
  14 boggarts
  4 eyes of draining
  20 ice beasts
  5 sky beasts
  46 ogres
  3 black bears
  5 phantoms
  21 necrophages
  12 centaurs
  3 snapping turtle zombies
  A manticore zombie (Tar:7)
  2 snapping turtle skeletons
  3 manticore skeletons
  2 orc skeletons
  A big kobold (shapeshifter) (Depths:4)
  14 crocodiles
  18 bullfrogs
  9 big kobolds
  9 elf zombies
  3 gnoll sergeants
  2 yaktaur zombies
  An earth elemental (Elf:2)
  2 elf skeletons
  A wyvern zombie (D:10)
  Dowan (D:5)
  3 spiny frog simulacra
  A glowing shapeshifter simulacrum (Vaults:3)
  10 wyvern skeletons
  42 small abominations
  2 scorpions
  2 spriggan zombies
  4 killer bees (D:10)
  A spriggan skeleton (Abyss:1)
  40 wights
  A troll skeleton (Tar:7)
  A howler monkey (D:4)
  4 centaur zombies
  23 crimson imps
  7 jellies
  3 quasits
  6 hounds
  A human zombie (Dis:7)
  14 orc priests
  2 bullfrog skeletons
  7 centaur skeletons
  26 iron imps
  Ijyb (D:5)
  A black bear skeleton (Crypt:1)
  2 iguanas
  29 orc wizards
  9 worker ants
  A lightning spire (Zig:18)
  A naga zombie (Coc:6)
  2 ogre zombies
  A dwarf zombie (Crypt:2)
  A naga skeleton (Tar:7)
  A tengu skeleton (Coc:3)
  2 hound zombies
  A hound skeleton (D:5)
  55 mummies
  A howler monkey skeleton (D:6)
  11 gnolls
  11 adders
  14 shadow imps
  18 white imps
  7 ufetubi
  2 oozes
  An adder skeleton (D:6)
  5 worms
  4 dart slugs
  A leopard gecko (shapeshifter) (Vaults:5)
  2 leopard geckos
  76 orcs
  16 bats
  7 giant cockroaches
  13 goblins
  8 hobgoblins
  5 jackals
  9 kobolds
  4 quokkas
  3 ball pythons
  A ball python skeleton (D:5)
  A ball python zombie (Crypt:1)
  8 frilled lizards
  A gnoll skeleton (Crypt:2)
  A goblin zombie (Crypt:2)
  A kobold zombie (Geh:7)
  7 rats
  92 blocks of ice
  A bush (Lair:6)
  A butterfly (Abyss:3)
  2 fire vortices (Pan)
  10 fungi
  3 lurking horrors
  33 plants
  9 starspawn tentacles
  6 tentacles
  8 withered plants (Crypt:3)
5599 creatures vanquished.

Vanquished Creatures (collateral kills)
  An ancient lich (Zig:12)
  A nagaraja (Zig:7)
  A vault warden (Zig:4)
  A draconian shifter (Zig:6)
  A reaper (Tar:7)
  An ironheart preserver (Zig:4)
  3 very ugly things (Pan)
  A vampire knight (Zig:12)
  An apis (Pan)
  A white draconian (Zig:6)
  A mummy priest (Tomb:2)
  A two-headed ogre (D:8)
  A soul eater (Tar:7)
  A shadow demon (Tar:7)
  18 ball lightnings
  An elf zombie (Zig:19)
  A guardian mummy (Tomb:3)
  A bog body (Zig:18)
  A wraith (D:9)
  A hungry ghost (D:8)
  A golden eye (Pan)
  A crocodile (D:8)
  10 mummies
  2 adders
  4 worms (D:2)
  A leopard gecko (D:8)
  A block of ice (Pan)
59 creatures vanquished.

Vanquished Creatures (others)
  An eldritch tentacle (WizLab)
  A fire giant (Depths:4)
  A merfolk javelineer (Shoals:2)
  A deep elf knight (Elf:2)
  420 ball lightnings
  An ice devil (Pan)
  A hydra skeleton (Geh:7)
  A wraith (Abyss:1)
  2 fire elementals (Hell)
  2 chaos spawn
  An orc wizard (D:13)
  940 blocks of ice
  A bush (Lair:6)
  215 fire vortices
  4 fungi
  2 lurking horrors
  11 plants
  19 starspawn tentacles
  2 tentacles (Shoals:2)
  21 withered plants (Crypt:3)
1647 creatures vanquished.

Grand Total: 7305 creatures vanquished

Notes
Turn   | Place    | Note
-------+----------+-------------------------------------------
     0 | D:1      | Hasart the Demonspawn Wizard began the quest for the Orb.
     0 | D:1      | Reached XP level 1. HP: 13/13 MP: 4/4
   580 | D:1      | Gained mutation: Your flesh is cold resistant. (rC+)
                  | [demonic ancestry]
   580 | D:1      | Reached XP level 2. HP: 19/19 MP: 1/6
  1463 | D:1      | Reached XP level 3. HP: 24/24 MP: 3/7
  1548 | D:1      | Learned a level 2 spell: Call Imp
  1551 | D:1      | Learned a level 2 spell: Blink
  1555 | D:1      | Learned a level 3 spell: Mephitic Cloud
  2531 | D:2      | Reached skill level 1 in Translocations
  2913 | D:2      | Gained mutation: You have a pair of small horns on your
                  | head. [demonic ancestry]
  2913 | D:2      | Reached XP level 4. HP: 30/30 MP: 6/9
  4037 | D:3      | Reached skill level 1 in Poison Magic
  4037 | D:3      | Reached XP level 5. HP: 35/35 MP: 2/10
  4699 | D:3      | Reached skill level 1 in Air Magic
  5627 | D:3      | Found a faded altar of an unknown god.
  6518 | D:4      | Gained mutation: You have a pair of horns on your head.
                  | [demonic ancestry]
  6518 | D:4      | Reached XP level 6. HP: 41/41 MP: 2/11
  6643 | D:4      | Found a white marble altar of Elyvilon.
  6692 | D:4      | Found a shimmering altar of Xom.
  6693 | D:4      | Found a sparkling altar of Nemelex Xobeh.
  6696 | D:4      | Found a stormy altar of Qazlal.
  7027 | D:4      | Found a staircase to the Ecumenical Temple.
  7086 | D:4      | Noticed Sigmund
  7098 | Temple   | Entered the Ecumenical Temple
  7198 | Temple   | Became a worshipper of Vehumet
  7267 | D:4      | Killed Sigmund
  7687 | D:5      | Entered Level 5 of the Dungeon
  7831 | D:5      | Found an iron altar of Okawaru.
  7838 | D:5      | Reached skill level 4 in Spellcasting
  7838 | D:5      | Gained mutation: You are partially covered in slimy green
                  | scales. (AC +2) [demonic ancestry]
  7838 | D:5      | Reached XP level 7. HP: 46/46 MP: 4/13
  8156 | D:5      | Noticed Ijyb
  8169 | D:5      | Killed Ijyb
  8739 | D:5      | Noticed Dowan
  8739 | D:5      | Noticed Duvessa
  8751 | D:5      | Killed Duvessa
  8754 | D:5      | Killed Dowan
  9603 | D:6      | Reached skill level 5 in Conjurations
  9603 | D:6      | Reached XP level 8. HP: 50/52 MP: 7/14
  9738 | D:6      | Reached * piety under Vehumet
  9738 | D:6      | Offered knowledge of Shock by Vehumet.
  9932 | D:6      | Noticed Maggie
 10189 | D:6      | Killed Maggie
 10469 | D:6      | Found a burning altar of Makhleb.
 11538 | D:7      | Reached skill level 5 in Spellcasting
 11580 | D:7      | Gained mutation: You are mostly covered in slimy green
                  | scales. (AC +3) [demonic ancestry]
 11580 | D:7      | Reached XP level 9. HP: 53/57 MP: 16/16
 11890 | D:7      | Offered knowledge of Freeze by Vehumet.
 11893 | D:7      | Learned a level 1 spell: Freeze
 12419 | D:8      | Reached skill level 1 in Ice Magic
 12498 | D:8      | Reached ** piety under Vehumet
 12725 | D:8      | Found a basalt altar of Yredelemnul.
 12839 | D:8      | Reached skill level 1 in Shields
 12942 | D:8      | Found a staircase to the Lair.
 13008 | D:8      | Reached skill level 5 in Dodging
 13085 | D:8      | Noticed a two-headed ogre
 13122 | D:8      | Killed a two-headed ogre
 13122 | D:8      | Reached skill level 5 in Summonings
 13122 | D:8      | Reached XP level 10. HP: 63/63 MP: 9/18
 13444 | D:8      | Found a sparkling altar of Nemelex Xobeh.
 13444 | D:8      | Found a transporter.
 13444 | D:8      | Noticed a great orb of eyes
 13444 | D:8      | Noticed an orc knight
 13539 | D:9      | Reached skill level 5 in Poison Magic
 13723 | D:9      | Found an iron altar of Okawaru.
 13748 | D:9      | Reached skill level 6 in Spellcasting
 13987 | D:9      | Noticed Erolcha
 14022 | D:9      | Killed Erolcha
 14141 | D:9      | Noticed Maurice
 14203 | D:9      | Killed Maurice
 14678 | D:10     | Entered Level 10 of the Dungeon
 14785 | D:10     | Noticed Josephine
 15070 | D:10     | Reached skill level 5 in Ice Magic
 15386 | D:10     | Offered knowledge of Frozen Ramparts by Vehumet.
 15391 | D:10     | Learned a level 3 spell: Frozen Ramparts
 15468 | D:10     | Killed Josephine
 15468 | D:10     | Reached *** piety under Vehumet
 15468 | D:10     | Reached skill level 7 in Spellcasting
 15468 | D:10     | Gained mutation: You are completely covered in slimy green
                  | scales. (AC +4, rPois) [demonic ancestry]
 15468 | D:10     | Reached XP level 11. HP: 60/68 MP: 21/21
 15659 | D:10     | Noticed an obsidian statue
 15701 | D:10     | Found Uwepp's Antique Weapon Shop.
 15709 | D:10     | Bought a dazzling short sword for 224 gold pieces
 15709 | D:10     | Identified the +8 short sword of Asitaema {vorpal, rElec
                  | Int+3 Dex+2} (You bought it in a shop on level 10 of the
                  | Dungeon)
 15740 | D:10     | Found a runed translucent gate.
 15740 | D:10     | Found a runed translucent gate.
 15740 | D:10     | Found a runed translucent gate.
 15741 | D:10     | Noticed a cyan ugly thing
 15741 | D:10     | Noticed a red ugly thing
 15741 | D:10     | Noticed a red ugly thing
 15741 | D:10     | Noticed a purple ugly thing
 15741 | D:10     | Noticed a glowing orange brain
 15742 | D:10     | Noticed a green very ugly thing
 16042 | D:10     | Offered knowledge of Dazzling Flash by Vehumet.
 16161 | D:10     | Found a staircase to the Orcish Mines.
 16293 | Orc:1    | Entered Level 1 of the Orcish Mines
 16484 | Orc:2    | Entered Level 2 of the Orcish Mines
 16709 | Orc:1    | Noticed an orc knight
 16719 | Orc:2    | Noticed an orc knight
 16763 | Orc:2    | Killed an orc knight
 16878 | Orc:2    | Found a staircase to the Elven Halls.
 17096 | Orc:2    | Reached skill level 5 in Shields
 17209 | Orc:2    | Reached **** piety under Vehumet
 17262 | Orc:2    | Noticed an orc knight
 17289 | Orc:2    | Offered knowledge of Iskenderun's Mystic Blast by Vehumet.
 17320 | Orc:2    | Noticed an orc knight
 17351 | Orc:2    | Killed an orc knight
 17398 | Orc:2    | Killed an orc knight
 17398 | Orc:2    | Reached skill level 1 in Short Blades
 17504 | Orc:2    | Noticed an orc sorcerer
 17508 | Orc:2    | Noticed an orc sorcerer
 17523 | Orc:2    | Killed an orc sorcerer
 17527 | Orc:2    | Noticed an orc knight
 17527 | Orc:2    | Noticed an orc sorcerer
 17527 | Orc:2    | Noticed an orc high priest
 17563 | Orc:2    | Reached skill level 8 in Spellcasting
 17564 | Orc:2    | Killed an orc high priest
 17580 | Orc:2    | Killed an orc sorcerer
 17632 | Orc:2    | Noticed an orc warlord
 17688 | Orc:2    | Killed an orc warlord
 17688 | Orc:2    | Gained mutation: You are slightly more attuned to the
                  | shadows. [demonic ancestry]
 17688 | Orc:2    | Reached XP level 12. HP: 33/74 MP: 15/24
 17895 | Orc:2    | Paralysed by an orc sorcerer for 4 turns
 18011 | Orc:2    | Noticed an orc high priest
 18045 | Orc:2    | Killed an orc high priest
 18147 | Orc:2    | Reached ***** piety under Vehumet
 18172 | Orc:2    | Offered knowledge of Conjure Ball Lightning by Vehumet.
 18210 | Orc:2    | Learned a level 6 spell: Conjure Ball Lightning
 18433 | Orc:2    | Noticed an orc high priest
 18446 | Orc:2    | Killed an orc high priest
 18449 | Orc:2    | Noticed an orc high priest
 18465 | Orc:2    | Killed an orc high priest
 18557 | Orc:2    | Found Buracoqu's General Store.
 18558 | Orc:2    | Found Ticorot's Antique Armour Shop.
 18558 | Orc:2    | Found Datop's Antique Weapon Shop.
 18558 | Orc:2    | Found Voul's Jewellery Boutique.
 18624 | Orc:2    | Bought a potion of mutation for 104 gold pieces
 18624 | Orc:2    | Bought a potion of degeneration for 13 gold pieces
 18625 | Orc:2    | Bought the ring of Midsummer {AC+4 SInv Stlth+} for 700
                  | gold pieces
 18913 | Lair:1   | Entered Level 1 of the Lair of Beasts
 19726 | Lair:1   | Reached skill level 5 in Air Magic
 19937 | Lair:2   | Reached skill level 5 in Stealth
 20509 | Lair:3   | Reached skill level 9 in Spellcasting
 20512 | Lair:3   | Reached skill level 10 in Ice Magic
 20549 | Lair:3   | Found a staircase to the Shoals.
 20572 | Lair:3   | Gained mutation: You have a pair of large horns on your
                  | head. [demonic ancestry]
 20572 | Lair:3   | Reached XP level 13. HP: 57/79 MP: 19/26
 20950 | Lair:3   | Found a staircase to the Snake Pit.
 21673 | Lair:4   | Reached skill level 5 in Short Blades
 21681 | Lair:3   | Offered knowledge of Bolt of Magma by Vehumet.
 21752 | Lair:4   | Noticed Rupert
 21752 | Lair:4   | Paralysed by Rupert for 2 turns
 23217 | D:12     | Noticed Azrael
 23242 | D:12     | Killed Azrael
 23352 | D:12     | Reached skill level 10 in Spellcasting
 23740 | D:12     | Reached XP level 14. HP: 85/85 MP: 28/28
 24405 | D:13     | Found an opulent altar of Gozag.
 25262 | D:14     | Noticed an ironheart preserver
 25265 | D:14     | Killed an ironheart preserver
 25504 | D:14     | Found a gate to the Vaults.
 25585 | D:14     | Found a white marble altar of Elyvilon.
 26229 | D:15     | Entered Level 15 of the Dungeon
 26232 | D:15     | Reached skill level 10 in Conjurations
 26232 | D:15     | Reached skill level 10 in Air Magic
 27131 | Lair:4   | Killed Rupert
 27264 | Lair:4   | Reached skill level 11 in Spellcasting
 27300 | Lair:4   | Noticed Sonja
 27453 | Lair:4   | Killed Sonja
 28167 | Lair:5   | Reached XP level 15. HP: 87/90 MP: 23/30
 28174 | Lair:5   | Offered knowledge of Irradiate by Vehumet.
 29074 | Lair:6   | Entered Level 6 of the Lair of Beasts
 29173 | Lair:6   | Found a viscous altar of Jiyva.
 29174 | Lair:6   | Found a staircase to the Slime Pits.
 29441 | Lair:6   | Reached skill level 1 in Fighting
 29896 | Lair:6   | Reached ****** piety under Vehumet
 31466 | Elf:1    | Entered Level 1 of the Elven Halls
 31795 | Elf:1    | Learned a level 5 spell: Irradiate
 32068 | Elf:1    | Got a pair of translucent gloves
 32069 | Elf:1    | Identified the +3 pair of gloves of Mental Paralysis {rC+++
                  | Int+3 Dex+6 Stlth-} (You found it on level 1 of the Elven
                  | Halls)
 32085 | Elf:1    | Found a blossoming altar of Fedhas.
 32089 | Elf:1    | Offered knowledge of Freezing Cloud by Vehumet.
 32175 | Elf:1    | Identified the +3 ring mail "Yngept" {rC+ MR+ Regen+ rCorr}
                  | (You found it on level 1 of the Elven Halls)
 32277 | Elf:1    | Reached skill level 1 in Armour
 32277 | Elf:1    | Reached skill level 1 in Transmutations
 32419 | Elf:1    | Learned a level 6 spell: Freezing Cloud
 32788 | Elf:1    | Identified the Disquisition on Dark Rituals
 33093 | Elf:1    | Reached skill level 12 in Spellcasting
 33211 | Elf:2    | Found a flickering gateway to a bazaar.
 33224 | Bazaar   | Entered a bazaar
 33224 | Bazaar   | Found Daaz's Jewellery Emporium.
 33224 | Bazaar   | Found Bosen's Book Shop.
 33224 | Bazaar   | Found Rej Suck's Food Shoppe.
 33224 | Bazaar   | Found Pokearell's Magic Scroll Shop.
 33227 | Bazaar   | Found King's Assorted Antiques.
 33227 | Bazaar   | Found Kuehae's Assorted Antiques.
 33245 | Bazaar   | Bought a book of Annihilations for 1214 gold pieces
 33266 | Bazaar   | Bought a scroll labeled JAL EVOLAE for 32 gold pieces
 33266 | Bazaar   | Bought a scroll labeled RACLET FEICVID for 32 gold pieces
 33266 | Bazaar   | Bought a hardcover book for 480 gold pieces
 33409 | Elf:2    | Reached XP level 16. HP: 108/108 MP: 20/32
 33838 | Elf:2    | Reached skill level 5 in Fighting
 34084 | Elf:2    | Found a runed translucent door.
 34156 | Elf:2    | Found a runed translucent door.
 35462 | Elf:2    | Offered knowledge of Ozocubu's Refrigeration by Vehumet.
 35594 | Elf:3    | Entered Level 3 of the Elven Halls
 35624 | Elf:3    | Found Waalopt's Antique Armour Shop.
 36842 | Elf:3    | Reached XP level 17. HP: 107/115 MP: 12/33
 36985 | Elf:3    | Noticed a deep elf blademaster
 36985 | Elf:3    | Reached skill level 5 in Transmutations
 36992 | Elf:3    | Killed a deep elf blademaster
 36992 | Elf:3    | Reached skill level 5 in Armour
 37250 | Elf:3    | Noticed a deep elf master archer
 37258 | Elf:3    | Killed a deep elf master archer
 37722 | Elf:3    | Noticed a deep elf master archer
 37725 | Elf:3    | Reached skill level 13 in Spellcasting
 37729 | Elf:3    | Killed a deep elf master archer
 37930 | Elf:3    | Identified the ring of Gisch {rPois Dex+2}
 38063 | Elf:3    | Learned a level 6 spell: Ozocubu's Refrigeration
 38305 | Elf:3    | Identified the +4 quarterstaff of Filigreed Duty {speed,
                  | *Slow +Inv rN+++}
 38358 | Elf:3    | Identified the Guide on Dislocation and the Birds
 38373 | Elf:3    | Identified the Handbook of the Endless Shrikes
 39127 | D:15     | Offered knowledge of Lightning Bolt by Vehumet.
 39340 | D:15     | Noticed a golden dragon
 39341 | D:15     | Noticed an iron giant
 39341 | D:15     | a golden dragon changed into an iron giant
 39342 | D:15     | Found a staircase to the Depths.
 39343 | D:15     | an iron giant changed into a frost giant
 39743 | Depths:1 | Entered Level 1 of the Depths
 39774 | Depths:1 | Found a gateway to a ziggurat.
 40868 | Depths:1 | Gained mutation: You are immune to freezing clouds.
                  | [demonic ancestry]
 40868 | Depths:1 | Reached XP level 18. HP: 121/121 MP: 25/35
 41024 | Depths:1 | Found a runed translucent door.
 41419 | Depths:1 | Offered knowledge of Orb of Destruction by Vehumet.
 41536 | Depths:1 | Found a gateway to Hell.
 41572 | Depths:1 | Identified the +4 demon blade of Governance {drain, Dex+4}
                  | (You found it on level 1 of the Depths)
 41626 | Depths:2 | Reached skill level 14 in Spellcasting
 41725 | Depths:2 | Found an iron altar of Okawaru.
 42030 | Depths:2 | Noticed a caustic shrike
 42030 | Depths:2 | an iron dragon changed into a caustic shrike
 42031 | Depths:2 | Noticed an iron giant
 42031 | Depths:2 | a caustic shrike changed into an iron giant
 42033 | Depths:2 | Noticed a golden dragon
 42033 | Depths:2 | an iron giant changed into a golden dragon
 42037 | Depths:2 | a golden dragon changed into an iron dragon
 42307 | Depths:2 | Reached skill level 15 in Ice Magic
 42869 | Elf:3    | Bought a transparent ring mail for 315 gold pieces
 42869 | Elf:3    | Bought a bronze scale mail for 315 gold pieces
 42869 | Elf:3    | Bought a brightly glowing cloak for 332 gold pieces
 42869 | Elf:3    | Identified the +8 ring mail of Transparent Lucidity {+Fly
                  | Int+5} (You bought it in a shop on level 3 of the Elven
                  | Halls)
 42870 | Elf:3    | Identified the +6 scale mail of the Lizard {-Tele rElec
                  | rN+} (You bought it in a shop on level 3 of the Elven
                  | Halls)
 42871 | Elf:3    | Identified the +1 cloak of the Ladybird {rC+} (You bought
                  | it in a shop on level 3 of the Elven Halls)
 43190 | Shoals:1 | Entered Level 1 of the Shoals
 43973 | Shoals:1 | Got a wavering wooden ring
 44129 | Shoals:1 | Identified the cursed ring of Pride {rC+ rN+ Str-4 Int-4
                  | Slay+5} (You found it on level 1 of the Shoals)
 44473 | Shoals:2 | Noticed Nikola
 44473 | Shoals:2 | Noticed Ilsuiw
 44477 | Shoals:2 | Killed Ilsuiw
 44479 | Shoals:2 | Killed Nikola
 44946 | Shoals:2 | Identified the +4 chain mail of Jaceawky {rN++ Dex-2} (You
                  | found it on level 2 of the Shoals)
 45042 | Shoals:2 | Identified Roxanne's Tome of Transmigration
 45042 | Shoals:2 | Noticed Roxanne
 45166 | Shoals:2 | Killed Roxanne
 45690 | Shoals:3 | Offered knowledge of Shatter by Vehumet.
 45690 | Shoals:3 | Offered knowledge of Ignition by Vehumet.
 46081 | Shoals:3 | Identified the +5 morningstar of Putrescence {elec, rElec
                  | rPois rF- MR+++} (You found it on level 3 of the Shoals)
 46834 | Shoals:4 | Entered Level 4 of the Shoals
 46995 | Shoals:4 | Gained mutation: You are robust. (+10% HP) [demonic
                  | ancestry]
 46995 | Shoals:4 | Reached XP level 19. HP: 108/138 MP: 23/37
 47795 | Shoals:4 | Got a barnacled rune of Zot
 48112 | Shoals:4 | Learned a level 9 spell: Absolute Zero
 48416 | Snake:1  | Entered Level 1 of the Snake Pit
 48465 | Snake:1  | Identified the +9 whip of Absolution {flame, rPois rF+}
 49084 | Snake:1  | Found Okuisoifu's Food Shoppe.
 49107 | Snake:1  | Found Saong's Jewellery Shoppe.
 49107 | Snake:1  | Found Paxirak's Armour Emporium.
 49111 | Snake:1  | Found Soteg's Antique Weapon Emporium.
 49410 | Snake:1  | Found a shimmering blue altar of Sif Muna.
 50119 | Snake:2  | Found Nuont's Gadget Emporium.
 50329 | Snake:2  | Found Axkecw's Antique Weapon Boutique.
 50613 | Snake:2  | Noticed Vashnia
 50616 | Snake:2  | Found Yjawn's Assorted Antiques.
 50638 | Snake:2  | Killed Vashnia
 51065 | Snake:2  | Noticed Donald
 51072 | Snake:2  | Killed Donald
 51244 | Snake:2  | Found Gaoworug's Food Shoppe.
 51375 | Snake:2  | Found Icesch's Antique Weapon Shoppe.
 51485 | Snake:2  | Noticed Aizul
 51496 | Snake:2  | Killed Aizul
 51496 | Snake:2  | Gained mutation: A meltable icy envelope protects you from
                  | harm. (AC +10) [demonic ancestry]
 51496 | Snake:2  | Reached XP level 20. HP: 78/146 MP: 22/38
 52902 | Snake:4  | Entered Level 4 of the Snake Pit
 55254 | Snake:4  | Got a serpentine rune of Zot
 57151 | Depths:3 | Reached XP level 21. HP: 151/151 MP: 34/39
 57932 | Depths:3 | Found a one-way gate leading to the halls of Pandemonium.
 58014 | Depths:3 | Found a one-way gate to the infinite horrors of the Abyss.
 58398 | Depths:3 | Noticed Sojobo
 58408 | Depths:3 | Killed Sojobo
 59076 | Depths:4 | Found a corrupted altar of Lugonu.
 59081 | Depths:4 | Reached skill level 10 in Shields
 60455 | Depths:4 | Found a bloodstained altar of Trog.
 60630 | Depths:5 | Entered Level 5 of the Depths
 61074 | Depths:5 | Gained mutation: You are significantly more attuned to the
                  | shadows. [demonic ancestry]
 61074 | Depths:5 | Reached XP level 22. HP: 151/158 MP: 6/40
 61536 | Elf:3    | Bought a pair of masterwork boots for 332 gold pieces
 61536 | Elf:3    | Identified the +0 pair of boots "Rilix" {Int+2 Stlth+} (You
                  | bought it in a shop on level 3 of the Elven Halls)
 61852 | Snake:1  | Bought the ring of the Mage {Wiz MR++ Int+3} for 878 gold
                  | pieces
 61852 | Snake:1  | Found the ring of the Mage {Wiz MR++ Int+3}
 62418 | Depths:5 | Noticed a golden dragon
 62747 | Depths:5 | Killed a golden dragon
 63445 | Depths:5 | Found a gate to the Realm of Zot.
 64051 | Vaults:1 | Entered Level 1 of the Vaults
 64982 | Vaults:1 | Found Wiqaemof's Assorted Antiques.
 65895 | Vaults:2 | Found a huge runed gate.
 65896 | Vaults:2 | Found a huge runed gate.
 65896 | Vaults:2 | Found a huge runed gate.
 65896 | Vaults:2 | Found a huge runed gate.
 65896 | Vaults:2 | Found a huge runed gate.
 65897 | Vaults:2 | Found a huge runed gate.
 65897 | Vaults:2 | Found a huge runed gate.
 65897 | Vaults:2 | Found a huge runed gate.
 65897 | Vaults:2 | Found a huge runed gate.
 65897 | Vaults:2 | Found a huge runed gate.
 65905 | Vaults:2 | Found a huge runed gate.
 65905 | Vaults:2 | Found a huge runed gate.
 65905 | Vaults:2 | Found a huge runed gate.
 65905 | Vaults:2 | Found a huge runed gate.
 65906 | Vaults:2 | Found a huge runed gate.
 65907 | Vaults:2 | Found a huge runed gate.
 65908 | Vaults:2 | Found a huge runed gate.
 65909 | Vaults:2 | Found a huge runed gate.
 65910 | Vaults:2 | Found a huge runed gate.
 65916 | Vaults:2 | Found a huge runed gate.
 65916 | Vaults:2 | Found a huge runed gate.
 65916 | Vaults:2 | Found a huge runed gate.
 65916 | Vaults:2 | Found a huge runed gate.
 65916 | Vaults:2 | Found a huge runed gate.
 65917 | Vaults:2 | Found a huge runed gate.
 65918 | Vaults:2 | Found a huge runed gate.
 65919 | Vaults:2 | Found a huge runed gate.
 65921 | Vaults:2 | Found a huge runed gate.
 65927 | Vaults:2 | Found a huge runed gate.
 65927 | Vaults:2 | Found a huge runed gate.
 65927 | Vaults:2 | Found a huge runed gate.
 65929 | Vaults:2 | Found a huge runed gate.
 65930 | Vaults:2 | Found a huge runed gate.
 65931 | Vaults:2 | Found a huge runed gate.
 65932 | Vaults:2 | Found a huge runed gate.
 65933 | Vaults:2 | Found a huge runed gate.
 66183 | Vaults:2 | Found a staircase to the Crypt.
 66324 | Vaults:2 | Noticed Rov Woulue's ghost (adept MfTm)
 66325 | Vaults:2 | Noticed Juteq's ghost (adept GnGl)
 66325 | Vaults:2 | Noticed Vileos's ghost (adept DsGl)
 66325 | Vaults:2 | Noticed Faedia's ghost (adept GnWn)
 66325 | Vaults:2 | Noticed Wus Hus's ghost (adept GnGl)
 66325 | Vaults:2 | Noticed Foufiw's ghost (adept DENe)
 66325 | Vaults:2 | Noticed Muon Kaw's ghost (adept GnGl)
 66325 | Vaults:2 | Noticed Moutitz's ghost (adept MiFi)
 66325 | Vaults:2 | Noticed Nybbakke's ghost (adept MiFi)
 66330 | Vaults:2 | Killed Rov Woulue's ghost
 66407 | Vaults:2 | Killed Moutitz's ghost
 66408 | Vaults:2 | Killed Foufiw's ghost
 66438 | Vaults:2 | Killed Vileos's ghost
 66438 | Vaults:2 | Reached XP level 23. HP: 165/165 MP: 29/41
 66441 | Vaults:2 | Killed Nybbakke's ghost
 66506 | Vaults:2 | Killed Muon Kaw's ghost
 66513 | Vaults:2 | Killed Faedia's ghost
 66513 | Vaults:2 | Reached skill level 15 in Spellcasting
 66522 | Vaults:2 | Killed Wus Hus's ghost
 66574 | Vaults:2 | Killed Juteq's ghost
 66597 | Vaults:2 | Identified Cobrayh's Catalogue of Shifting Flight
 66602 | Vaults:2 | Identified the +1 halberd of Indignation {distort, Str+6
                  | Int+3} (You found it on level 2 of the Vaults)
 66604 | Vaults:2 | Got a glittering iron amulet
 67013 | Vaults:2 | Noticed Jory
 67014 | Vaults:2 | Killed Jory
 67621 | Vaults:3 | Found Xisexkoz's Gadget Shoppe.
 67665 | Vaults:3 | Found Nuiriun's Magic Scroll Emporium.
 67747 | Vaults:3 | Bought a scroll of blinking for 97 gold pieces
 67907 | Vaults:3 | Found Bysedome's Food Shoppe.
 67949 | Vaults:3 | Found Fypeasyi's Food Emporium.
 67989 | Vaults:3 | Found Hilaeh's Assorted Antiques.
 69419 | Vaults:4 | Noticed Bai Suzhen
 69421 | Vaults:4 | Killed Bai Suzhen
 70472 | Vaults:4 | Identified the +5 scale mail "Deulloat" {rC++ Str+5 Dex+2}
                  | (You found it on level 4 of the Vaults)
 70473 | Vaults:4 | Identified the amulet of Buereboh {Acrobat rElec} (You
                  | found it on level 2 of the Vaults)
 70910 | Crypt:1  | Entered Level 1 of the Crypt
 71058 | Crypt:1  | Gained mutation: You are very robust. (+20% HP) [demonic
                  | ancestry]
 71058 | Crypt:1  | Reached XP level 24. HP: 138/187 MP: 9/42
 71126 | Crypt:1  | You fall into a shaft and drop 1 floor!
 71201 | Crypt:1  | Found a magical portal.
 71210 | WizLab   | Found a transporter.
 71322 | WizLab   | Found a transporter.
 71456 | WizLab   | Found a transporter.
 71489 | WizLab   | Found a transporter.
 71494 | WizLab   | Found a transporter.
 71570 | WizLab   | Found a transporter.
 71573 | WizLab   | Found a transporter.
 71670 | WizLab   | Found a transporter.
 71704 | WizLab   | Found a transporter.
 71860 | WizLab   | Found a transporter.
 71979 | WizLab   | Found a transporter.
 71979 | WizLab   | Found a transporter.
 72032 | WizLab   | Found a transporter.
 72058 | WizLab   | Found a transporter.
 72058 | WizLab   | Found a transporter.
 72064 | WizLab   | Reached skill level 16 in Spellcasting
 72080 | WizLab   | Found a transporter.
 72091 | WizLab   | Identified Golubria's Incunabulum of Dislocation
 72098 | WizLab   | Learned a level 4 spell: Passage of Golubria
 72103 | WizLab   | Found a transporter.
 72103 | WizLab   | Found a transporter.
 72149 | WizLab   | Found a transporter.
 72149 | WizLab   | Found a transporter.
 72182 | WizLab   | Found a corrupted altar of Lugonu.
 72185 | WizLab   | Found a corrupted altar of Lugonu.
 72212 | WizLab   | Identified the cursed +0 cloak "Lagal" {rPois Str+2 Stlth+}
                  | (You found it in a wizard's laboratory)
 72239 | WizLab   | Identified the +1 cloak "Uhiedeu" {MR+} (You found it in a
                  | wizard's laboratory)
 72292 | WizLab   | Paralysed by fainting for 7 turns
 72356 | WizLab   | Identified the +1 cloak "Qeisk" {*Contam rElec rN++ MP+9}
                  | (You found it in a wizard's laboratory)
 72857 | Crypt:1  | Found an ancient bone altar of Kikubaaqudgha.
 74802 | Crypt:3  | Entered Level 3 of the Crypt
 75593 | Crypt:3  | Found an ancient bone altar of Kikubaaqudgha.
 76691 | Crypt:3  | Identified the +6 rapier of Upheaval {vamp, rF+ Str+4}
 76738 | Crypt:3  | Noticed an ancient lich
 76740 | Crypt:3  | Killed an ancient lich
 76789 | Crypt:3  | Reached skill level 15 in Air Magic
 76790 | Crypt:3  | Identified the Catalogue of Unholy Arts
 77344 | Crypt:3  | Found a staircase to the Tomb.
 77799 | Snake:1  | Bought the amulet of the Scarab {rC+ Regen+ Int+7} for 997
                  | gold pieces
 78091 | Hell     | Entered the Vestibule of Hell
 78091 | Hell     | Noticed Geryon
 78092 | Hell     | Killed Geryon
 78366 | Depths:3 | Voluntarily entered the Abyss.
 78498 | Abyss:1  | Reached XP level 25. HP: 193/193 MP: 43/43
 78736 | Abyss:2  | Identified the +0 scale mail of the Vacuum {Str+3} (You
                  | found it on level 2 of the Abyss)
 78741 | Abyss:2  | Identified the +6 flail "Roxuthil" {venom, +Rage rPois MR+}
                  | (You found it on level 2 of the Abyss)
 79066 | Depths:3 | Escaped the Abyss
 79118 | Depths:3 | Voluntarily entered the Abyss.
 79712 | Abyss:3  | Reached skill level 15 in Shields
 79985 | Abyss:3  | Reached skill level 17 in Spellcasting
 80034 | Depths:3 | Escaped the Abyss
 80081 | Depths:3 | Voluntarily entered the Abyss.
 80730 | Depths:3 | Escaped the Abyss
 80982 | Vaults:3 | Bought a ration for 55 gold pieces
 80982 | Vaults:3 | Bought a ration for 55 gold pieces
 80982 | Vaults:3 | Bought a ration for 55 gold pieces
 80982 | Vaults:3 | Bought a ration for 55 gold pieces
 80982 | Vaults:3 | Bought a ration for 55 gold pieces
 80982 | Vaults:3 | Bought a ration for 55 gold pieces
 80982 | Vaults:3 | Bought a ration for 55 gold pieces
 80982 | Vaults:3 | Bought a ration for 55 gold pieces
 81068 | Vaults:5 | Entered Level 5 of the Vaults
 81372 | Vaults:5 | Identified the +8 great sword "Xiepn" {vorpal, rF+++}
 81524 | Vaults:5 | Identified the +2 battleaxe of the Ageless Allies {venom,
                  | rElec Str+3 Int+3}
 81541 | Vaults:4 | Learned a level 9 spell: Tornado
 81612 | Vaults:5 | Gained mutation: You are completely attuned to the shadows.
                  | [demonic ancestry]
 81612 | Vaults:5 | Reached XP level 26. HP: 201/210 MP: 44/44
 81616 | Vaults:5 | Identified the +5 glaive of the Extremes {vorpal, *Drain
                  | rElec MR+ Str+6}
 82441 | Vaults:5 | Identified the +3 robe of Fortitude {*Corrode rPois rC+
                  | MR+}
 82728 | Vaults:5 | Identified the cursed +1 scimitar of Indignation {freeze,
                  | Fragile rF+ Str+5} (You found it on level 5 of the Vaults)
 82856 | Vaults:5 | Identified the Handbook of the Bewitching Rocks
 82872 | Vaults:5 | Noticed Frederick
 82876 | Vaults:5 | Killed Frederick
 83070 | Vaults:5 | Found the +3 Elemental Staff {rElec rF++ rC++ MR++ AC+5}
 83073 | Vaults:5 | Got a vibrating lead ring
 83074 | Vaults:5 | Identified the ring of Keechyro {rElec MR++ Str-4 Dex+7
                  | Stlth+} (You found it on level 5 of the Vaults)
 83089 | Vaults:5 | Got a silver rune of Zot
 83391 | Vaults:5 | Identified the Incunabulum of Megalomania
 83903 | Hell     | Reached skill level 1 in Evocations
 83911 | Hell     | Reached skill level 1 in Staves
 84018 | Hell     | Found a gateway to the Iron City of Dis.
 84084 | Hell     | Found a gateway to the ashen valley of Gehenna.
 84192 | Hell     | Found a gateway to the decaying netherworld of Tartarus.
 84323 | Hell     | Found a gateway to the freezing wastes of Cocytus.
 84877 | Slime:1  | Entered Level 1 of the Pits of Slime
 84883 | Slime:1  | Reached skill level 18 in Spellcasting
 85096 | Slime:1  | Found a viscous altar of Jiyva.
 85636 | Slime:5  | Entered Level 5 of the Pits of Slime
 85990 | Slime:5  | Noticed the Royal Jelly
 85991 | Slime:5  | Killed the Royal Jelly
 85995 | Slime:5  | Reached skill level 10 in Fighting
 86005 | Slime:5  | Identified the +2 pair of gloves of Bedevilment {-Tele Harm
                  | rElec Int+9} (You found it on level 5 of the Pits of Slime)
 86033 | Slime:5  | Identified the +0 cloak of Greater Demons {rN+ Slay+3} (You
                  | found it on level 5 of the Pits of Slime)
 86055 | Slime:5  | Got a slimy rune of Zot
 86057 | Slime:5  | Identified the +8 falchion "Ijegy" {freeze, rElec} (You
                  | found it on level 5 of the Pits of Slime)
 86395 | Slime:3  | Gained mutation: You are extremely robust. (+30% HP)
                  | [demonic ancestry]
 86395 | Slime:3  | Reached XP level 27. HP: 220/247 MP: 45/45
 86408 | Slime:2  | Reached skill level 5 in Evocations
 86817 | Zot:1    | Entered Level 1 of the Realm of Zot
 87259 | Zot:1    | Reached skill level 5 in Staves
 87951 | Zot:1    | Got a crude platinum ring
 87952 | Zot:1    | Identified the ring "Esigisku" {rPois MP+9 Str+5} (You
                  | found it on level 1 of the Realm of Zot)
 89675 | Zot:2    | Reached skill level 19 in Spellcasting
 90022 | Zot:2    | Learned a level 9 spell: Fire Storm
 90060 | Zot:3    | Reached skill level 1 in Fire Magic
 91749 | Zot:4    | Reached skill level 5 in Fire Magic
 92949 | Zot:5    | Entered Level 5 of the Realm of Zot
 93129 | Zot:5    | Noticed an orb of fire
 93131 | Zot:5    | Killed an orb of fire
 93131 | Zot:5    | Noticed an orb of fire
 93132 | Zot:5    | Killed an orb of fire
 93132 | Zot:5    | Reached skill level 10 in Evocations
 93138 | Zot:5    | Noticed an orb of fire
 93319 | Zot:5    | Killed an orb of fire
 93332 | Zot:5    | Noticed an ancient lich
 93333 | Zot:5    | Killed an ancient lich
 93340 | Zot:5    | Noticed an orb of fire
 93341 | Zot:5    | Killed an orb of fire
 93568 | Zot:5    | Noticed an ancient lich
 93569 | Zot:5    | Killed an ancient lich
 93930 | Zot:5    | Noticed an ancient lich
 93931 | Zot:5    | Killed an ancient lich
 93933 | Zot:5    | Reached skill level 15 in Conjurations
 93939 | Zot:5    | Noticed an ancient lich
 93941 | Zot:5    | Killed an ancient lich
 94319 | Zot:5    | Reached skill level 10 in Fire Magic
 94339 | Zot:5    | Noticed an ancient lich
 94342 | Zot:5    | Noticed an ancient lich
 94343 | Zot:5    | Killed an ancient lich
 94366 | Zot:5    | Noticed an ancient lich
 94367 | Zot:5    | Noticed an ancient lich
 94368 | Zot:5    | Killed an ancient lich
 94369 | Zot:5    | Killed an ancient lich
 94369 | Zot:5    | Noticed an ancient lich
 94371 | Zot:5    | Killed an ancient lich
 94371 | Zot:5    | Reached skill level 20 in Spellcasting
 94422 | Zot:5    | Killed an ancient lich
 95088 | Depths:4 | Voluntarily entered the Abyss.
 95099 | Abyss:1  | Found a corrupted altar of Lugonu.
 95214 | Abyss:1  | Noticed an ancient lich
 95215 | Abyss:1  | Killed an ancient lich
 97081 | Abyss:4  | Gained mutation: Your magical capacity is extremely low.
                  | (-30% MP) [a neqoxec]
 97130 | Depths:4 | Escaped the Abyss
 97277 | Depths:4 | Voluntarily entered the Abyss.
 97286 | Abyss:1  | Reached skill level 10 in Staves
 98293 | Abyss:2  | Identified the +10 plate armour "Telilybo" {rN+ Str+3
                  | Int+2}
 98811 | Abyss:3  | Got an abyssal rune of Zot
 98819 | Depths:4 | Escaped the Abyss
 98929 | Geh:1    | Entered Level 1 of Gehenna
 99819 | Geh:7    | Entered Level 7 of Gehenna
100253 | Geh:7    | Learned a level 8 spell: Ignition
100814 | Geh:7    | Reached skill level 21 in Spellcasting
101217 | Geh:7    | Reached skill level 15 in Fire Magic
101245 | Geh:7    | Identified the cursed +1 robe "Xuabb" {+Blink rF+ rC+
                  | Dex+4} (You found it on level 7 of Gehenna)
101377 | Geh:7    | Identified the +7 sceptre of Asmodeus
101377 | Geh:7    | Noticed Asmodeus
101378 | Geh:7    | Killed Asmodeus
101385 | Geh:7    | Got an obsidian rune of Zot
101614 | Dis:1    | Entered Level 1 of the Iron City of Dis
102203 | Dis:7    | Entered Level 7 of the Iron City of Dis
103370 | Dis:7    | Identified the ring of Giodi {rPois rF+ MR+ Dex+3}
103588 | Dis:7    | Identified the +5 leather armour of Cocytus {rC+ Str+3}
103887 | Dis:7    | Identified the +4 staff of Dispater
103887 | Dis:7    | Noticed Dispater
103889 | Dis:7    | Killed Dispater
104056 | Dis:7    | Got an iron rune of Zot
104291 | Dis:7    | Reached skill level 22 in Spellcasting
104438 | Coc:1    | Entered Level 1 of Cocytus
105849 | Coc:3    | You fall into a shaft and drop 1 floor!
106393 | Coc:7    | Entered Level 7 of Cocytus
106793 | Coc:7    | Noticed the Serpent of Hell
106795 | Coc:7    | Killed the Serpent of Hell
106795 | Coc:7    | Reached skill level 15 in Evocations
107102 | Coc:7    | Noticed Antaeus
107103 | Coc:7    | Killed Antaeus
107112 | Coc:7    | Got an icy rune of Zot
107152 | Coc:7    | Identified the Reference Book on the Glacier and Moulding
107156 | Coc:7    | Identified the +1 robe "Ybipsoh" {rPois rF+ Int-2 Dex+2}
                  | (You found it on level 7 of Cocytus)
107630 | Tar:1    | Entered Level 1 of Tartarus
108687 | Tar:2    | You fall into a shaft and drop 2 floors!
109225 | Tar:5    | Reached skill level 23 in Spellcasting
109649 | Tar:7    | Entered Level 7 of Tartarus
110195 | Tar:7    | Reached skill level 24 in Spellcasting
111038 | Tar:7    | Identified Ufost's Handbook of the Sinister Mountains
111051 | Tar:7    | Identified the +9 scimitar of Gluttony {freeze, Str+2
                  | Stlth+} (You found it on level 7 of Tartarus)
111063 | Tar:7    | Got a brightly glowing jade ring
111068 | Tar:7    | Got an ancient bone ring
111069 | Tar:7    | Identified the ring "Feno" {*Tele rN+} (You found it on
                  | level 7 of Tartarus)
111070 | Tar:7    | Identified the ring "Piziprur" {rElec Str+6 Int+5 Stlth+}
                  | (You found it on level 7 of Tartarus)
111092 | Tar:7    | Reached skill level 25 in Spellcasting
111142 | Tar:7    | Got an ancient bone ring
111143 | Tar:7    | Identified the ring "Jeihun" {rPois rF+ MR- Str+5} (You
                  | found it on level 7 of Tartarus)
111204 | Tar:7    | Identified the +2 whip "Xuval" {holy, rElec rF+ rN++ Str-4}
                  | (You found it on level 7 of Tartarus)
111285 | Tar:7    | Identified the +8 glaive of Kismet {vorpal, +Inv rN+ Str+2}
                  | (You found it on level 7 of Tartarus)
111293 | Tar:7    | Identified the +5 ring mail of the Jackalope {rN++ Str+3}
                  | (You found it on level 7 of Tartarus)
111348 | Tar:7    | Identified the +8 war axe "Nithuk Uhu" {vorpal, *Noise rC+
                  | rN+++ Str+5} (You found it on level 7 of Tartarus)
111892 | Tar:7    | Reached skill level 26 in Spellcasting
111916 | Tar:7    | Noticed Ereshkigal
111919 | Tar:7    | Killed Ereshkigal
111938 | Tar:7    | Got a bone rune of Zot
112215 | Hell     | Learned a level 9 spell: Shatter
112294 | Pan      | Entered Pandemonium
112318 | Pan      | Reached skill level 1 in Earth Magic
113081 | Pan      | Found a glowing golden altar of the Shining One.
113085 | Pan      | Noticed a seraph
113086 | Pan      | Killed a seraph
113086 | Pan      | Reached skill level 5 in Earth Magic
113133 | Pan      | Identified the +4 scale mail of Cloud Cover {rF+ Regen+
                  | Str-3 Dex+3} (You found it in Pandemonium)
113145 | Pan      | Got a demonic rune of Zot
113639 | Pan      | Identified the +0 tower shield "Katatif" {Str+8 Dex+3}
113958 | Pan      | Identified the cursed +0 tower shield of the Slightly Bent
                  | {Str+3 Dex-5 Stlth+}
114169 | Pan      | Reached skill level 27 in Spellcasting
114217 | Pan      | Found a glowing silver altar of Zin.
114361 | Depths:3 | Escaped Pandemonium
114363 | Pan      | Entered Pandemonium
114438 | Pan      | Reached skill level 10 in Earth Magic
114978 | Pan      | Entered the realm of Lom Lobon.
115195 | Pan      | Noticed Lom Lobon
115197 | Pan      | Killed Lom Lobon
115203 | Pan      | Got a magical rune of Zot
115334 | Pan      | Identified the +3 great sword of Tenacity {vorpal, *Corrode
                  | *Drain Str+8 Stlth+} (You found it in Pandemonium)
116787 | Pan      | Entered the realm of Cerebov.
117228 | Pan      | Reached skill level 15 in Earth Magic
117483 | Pan      | Identified the +6 sword of Cerebov {flame}
117483 | Pan      | Noticed Cerebov
117485 | Pan      | Killed Cerebov
117549 | Pan      | Got a fiery rune of Zot
117689 | Pan      | Got a bound marble ring
118853 | Pan      | Entered the realm of Gloorx Vloq.
119375 | Pan      | Reached skill level 5 in Translocations
119663 | Pan      | Noticed Gloorx Vloq
119664 | Pan      | Killed Gloorx Vloq
119678 | Pan      | Got a dark rune of Zot
119912 | Pan      | Learned a level 8 spell: Controlled Blink
120000 | Pan      | Entered the realm of Mnoleg.
120626 | Pan      | Noticed Mnoleg
120627 | Pan      | Killed Mnoleg
121084 | Pan      | Got a glowing rune of Zot
121118 | Pan      | Identified Zoamiani's Almanac of Mysticism
121137 | Pan      | Identified the ring of Vygaum {+Blink rC+ SInv} (You found
                  | it in Pandemonium)
121141 | Pan      | Identified the ring "Pyut" {rElec rF+ AC+4 Int-4} (You
                  | found it in Pandemonium)
121291 | Pan      | Found an exit through the horrors of the Abyss.
121300 | Pan      | Took an exit into the Abyss.
121300 | Abyss:1  | Escaped into the Abyss
121502 | Abyss:1  | Reached skill level 10 in Translocations
121684 | Depths:3 | Escaped the Abyss
122053 | Tomb:1   | Entered Level 1 of the Tomb of the Ancients
122826 | Tomb:1   | Noticed a greater mummy
122827 | Tomb:1   | Killed a greater mummy
122831 | Tomb:1   | Noticed a greater mummy
122837 | Tomb:1   | Killed a greater mummy
123365 | Tomb:1   | Noticed a greater mummy
123365 | Tomb:1   | Noticed a greater mummy
123367 | Tomb:1   | Killed a greater mummy
123368 | Tomb:1   | Killed a greater mummy
123456 | Tomb:1   | Noticed a greater mummy
123457 | Tomb:1   | Killed a greater mummy
123545 | Tomb:1   | Noticed a greater mummy
123546 | Tomb:1   | Killed a greater mummy
123566 | Tomb:1   | Noticed a greater mummy
123567 | Tomb:1   | Killed a greater mummy
123605 | Tomb:1   | Noticed a greater mummy
123606 | Tomb:1   | Killed a greater mummy
123626 | Tomb:1   | Noticed a greater mummy
123627 | Tomb:1   | Killed a greater mummy
123684 | Tomb:1   | Noticed a greater mummy
123685 | Tomb:1   | Killed a greater mummy
123776 | Tomb:1   | Noticed a greater mummy
123777 | Tomb:1   | Killed a greater mummy
123779 | Tomb:1   | Noticed a greater mummy
123780 | Tomb:1   | Killed a greater mummy
123802 | Tomb:1   | Noticed a greater mummy
123803 | Tomb:1   | Killed a greater mummy
123808 | Tomb:1   | Noticed a greater mummy
123809 | Tomb:1   | Killed a greater mummy
123892 | Tomb:1   | Noticed a greater mummy
123893 | Tomb:1   | Killed a greater mummy
124050 | Tomb:1   | Noticed a greater mummy
124056 | Tomb:1   | Killed a greater mummy
124165 | Tomb:1   | Noticed a greater mummy
124166 | Tomb:1   | Killed a greater mummy
124203 | Tomb:1   | Noticed a greater mummy
124204 | Tomb:1   | Killed a greater mummy
124518 | Tomb:1   | Noticed a greater mummy
124521 | Tomb:1   | Killed a greater mummy
124582 | Tomb:2   | Noticed a greater mummy
124587 | Tomb:2   | Killed a greater mummy
124593 | Tomb:2   | Noticed a greater mummy
124598 | Tomb:2   | Killed a greater mummy
124598 | Tomb:2   | Noticed a greater mummy
124600 | Tomb:2   | Noticed a greater mummy
125100 | Tomb:2   | Killed a greater mummy
125112 | Tomb:2   | Killed a greater mummy
125312 | Tomb:2   | Reached skill level 15 in Translocations
125804 | Tomb:3   | Entered Level 3 of the Tomb of the Ancients
125822 | Tomb:3   | Noticed an ancient lich
125975 | Tomb:3   | Reached skill level 15 in Fighting
125977 | Tomb:3   | Noticed a greater mummy
125979 | Tomb:3   | Killed a greater mummy
125979 | Tomb:3   | Noticed a greater mummy
125983 | Tomb:3   | Killed a greater mummy
125984 | Tomb:3   | Noticed a greater mummy
125986 | Tomb:3   | Killed a greater mummy
125986 | Tomb:3   | Noticed a greater mummy
126194 | Tomb:3   | Killed a greater mummy
126202 | Tomb:3   | Killed an ancient lich
126202 | Tomb:3   | Noticed a greater mummy
126206 | Tomb:3   | Killed a greater mummy
126207 | Tomb:3   | Noticed a greater mummy
126210 | Tomb:3   | Killed a greater mummy
126359 | Tomb:3   | Noticed a greater mummy
126361 | Tomb:3   | Killed a greater mummy
126382 | Tomb:3   | Noticed a greater mummy
126624 | Tomb:3   | Identified Widigiubb's Incunabulum of Confrontation and the
                  | Glacier
126656 | Tomb:3   | Identified the +5 dagger of Haok Xidd {holy, *Corrode *Slow
                  | rPois MR+++} (You found it on level 3 of the Tomb of the
                  | Ancients)
126675 | Tomb:3   | Killed a greater mummy
126760 | Tomb:3   | Identified the +5 ring mail of Daffodils {rElec rF+} (You
                  | found it on level 3 of the Tomb of the Ancients)
126815 | Tomb:3   | Identified the Almanac of the Blaze and Envenoming
126982 | Tomb:3   | Got a golden rune of Zot
127447 | Vaults:3 | Bought a ration for 55 gold pieces
127447 | Vaults:3 | Bought a ration for 55 gold pieces
127447 | Vaults:3 | Bought a ration for 55 gold pieces
127447 | Vaults:3 | Bought a ration for 55 gold pieces
127447 | Vaults:3 | Bought a ration for 55 gold pieces
127447 | Vaults:3 | Bought a ration for 55 gold pieces
127447 | Vaults:3 | Bought a ration for 55 gold pieces
127447 | Vaults:3 | Bought a ration for 55 gold pieces
127447 | Vaults:3 | Bought a ration for 55 gold pieces
127447 | Vaults:3 | Bought a ration for 55 gold pieces
127447 | Vaults:3 | Bought a ration for 55 gold pieces
127447 | Vaults:3 | Bought a ration for 55 gold pieces
127447 | Vaults:3 | Bought a ration for 55 gold pieces
127688 | Zig:1    | Entered Level 1 of a ziggurat
127702 | Zig:2    | Entered Level 2 of a ziggurat
127739 | Zig:3    | Entered Level 3 of a ziggurat
127761 | Zig:4    | Entered Level 4 of a ziggurat
127775 | Zig:4    | Identified the +0 robe of Bedevilment {*Drain MR- Dex+9
                  | Slay+5} (You found it on level 4 of a ziggurat)
127777 | Zig:4    | Identified the ring "Pidoy" {Slay+3 Stlth+} (You found it
                  | on level 4 of a ziggurat)
127784 | Zig:5    | Entered Level 5 of a ziggurat
127854 | Zig:6    | Entered Level 6 of a ziggurat
127884 | Zig:6    | Identified the Compendium of Dust
127892 | Zig:7    | Entered Level 7 of a ziggurat
127954 | Zig:8    | Entered Level 8 of a ziggurat
128015 | Zig:9    | Entered Level 9 of a ziggurat
128058 | Zig:10   | Entered Level 10 of a ziggurat
128098 | Zig:10   | Identified the Catalogue of Grandeur
128101 | Zig:10   | Identified the +4 dagger of the Saving Hawk {protect,
                  | Int+3} (You found it on level 10 of a ziggurat)
128118 | Zig:11   | Entered Level 11 of a ziggurat
128228 | Zig:11   | Identified the cursed +0 chain mail of Indomitability {rN++
                  | Int+3 Dex+4} (You found it on level 11 of a ziggurat)
128235 | Zig:12   | Entered Level 12 of a ziggurat
128248 | Zig:12   | Noticed an ancient lich
128251 | Zig:12   | Noticed an ancient lich
128252 | Zig:12   | Killed an ancient lich
128253 | Zig:12   | Killed an ancient lich
128342 | Zig:12   | Identified the amulet "Wam Uwet" {RegenMP rPois rF++} (You
                  | found it on level 12 of a ziggurat)
128386 | Zig:13   | Entered Level 13 of a ziggurat
128397 | Zig:13   | Noticed a greater mummy
128397 | Zig:13   | Noticed a greater mummy
128398 | Zig:13   | Noticed a greater mummy
128400 | Zig:13   | Killed a greater mummy
128400 | Zig:13   | Killed a greater mummy
128400 | Zig:13   | Killed a greater mummy
128625 | Zig:13   | Identified the ring of Lilacs {rPois MP+9} (You found it on
                  | level 13 of a ziggurat)
128641 | Zig:13   | Identified the ring "Loocsy" {Fire Dex+3} (You found it on
                  | level 13 of a ziggurat)
128653 | Zig:14   | Entered Level 14 of a ziggurat
128776 | Zig:14   | Identified the amulet "Qinlaemi" {Acrobat rN+ Str+3 Stlth+}
                  | (You found it on level 14 of a ziggurat)
128786 | Zig:14   | Identified Uclipp's Tome of Supportive Clay
128814 | Zig:15   | Entered Level 15 of a ziggurat
128881 | Zig:15   | Identified the Tome of the Endless Lives
128940 | Zig:16   | Entered Level 16 of a ziggurat
128963 | Zig:16   | Found the cursed +13 scythe of Curses {drain, *Curse}
129029 | Zig:16   | Found the +6 shillelagh "Devastator" {shatter}
129070 | Zig:16   | Identified the +2 leather armour of the Vacuum {rElec rN+}
                  | (You found it on level 16 of a ziggurat)
129081 | Zig:17   | Entered Level 17 of a ziggurat
129119 | Zig:17   | Found the +6 arbalest "Damnation" {damnation}
129122 | Zig:17   | Identified the ring of Hash {MR+ Str+2 Dex+3 SInv} (You
                  | found it on level 17 of a ziggurat)
129126 | Zig:17   | Identified the ring "Midot" {+Fly rElec} (You found it on
                  | level 17 of a ziggurat)
129130 | Zig:17   | Identified the Handbook of Talismans and the Traveller
129135 | Zig:17   | Learned a level 2 spell: Swiftness
129147 | Zig:17   | Identified Witchery Continued
129156 | Zig:17   | Identified the +1 scale mail "Wacuf" {Str-3 Int+6} (You
                  | found it on level 17 of a ziggurat)
129182 | Zig:18   | Entered Level 18 of a ziggurat
129279 | Zig:19   | Entered Level 19 of a ziggurat
129290 | Zig:19   | Noticed a greater mummy
129304 | Zig:19   | Killed a greater mummy
129371 | Zig:19   | Noticed a greater mummy
129373 | Zig:19   | Killed a greater mummy
129374 | Zig:19   | Noticed a greater mummy
129375 | Zig:19   | Noticed a greater mummy
129375 | Zig:19   | Noticed a greater mummy
129376 | Zig:19   | Killed a greater mummy
129377 | Zig:19   | Killed a greater mummy
129377 | Zig:19   | Killed a greater mummy
129377 | Zig:19   | Reached skill level 10 in Armour
129377 | Zig:19   | Reached skill level 10 in Transmutations
129378 | Zig:19   | Noticed a greater mummy
129379 | Zig:19   | Killed by something's death curse

Illustrated notes

Levels and vault maps discovered:
D:1:      minmay_arrival_floating_metal, layout_basic
D:2:      minmay_diamond_boxcup, layout_basic, first_ration
D:3:      layout_basic, chequers_ecumenical_altar_simple_redux
D:4:      layout_cave_pods, lemuel_crystal_altar,
          nicolae_overflow_hidden_temple, temple_doors_e, uniq_sigmund
D:5:      layout_basic, okawaru_trees_2, uniq_duvessa, uniq_ijyb
D:6:      layout_layer_cave, nicolae_overflow_crystal_walls, uniq_maggie
D:7:      layout_loops_ring, grunt_livestock, grunt_ministairs_14
D:8:      layout_loops_ring, yredelemnul_altar_generic, lair_entry_dummy,
          grunt_nemelex_the_gamble
D:9:      layout_gridville, old_standard_altar, uniq_erolcha, uniq_maurice
D:10:     layout_roguey, kennysheep_orc_monster_closet_entryway, serial_shops,
          shop, ploomutoo_gammafunk_ghost_potion_laboratory,
          minmay_statue_bubble, uniq_josephine
D:11:     layout_gridville, elves_outpost_lemuel
D:12:     layout_cave_pools, kb_rosetta, uniq_azrael
D:13:     layout_roguey, grunt_gozag_statues
D:14:     layout_small_grid, skrybe_vaults_entry_preservation,
          chequers_serial_rivers_room_b, elyvilon_altar_3
D:15:     gammafunk_enter_depths_forms, layout_rooms, minivault_11,
          minmay_misc_feat_iff, moated_statue
Temple:   regret_index_temple_generic_petals
Lair:1:   dpeg_oklob_gauntlet, layout_gridlike
Lair:2:   layout_hall_layers, lemuel_fruit_tree
Lair:3:   layout_misc_corridors, elwin_shoals_entry_stream, dummy_snake_entry,
          serial_bayou_shore_b
Lair:4:   layout_cave_shapes, uniq_sonja, uniq_rupert
Lair:5:   layout_small_grid, chequers_serial_rivers_micro_b, grunt_megastairs_2
Lair:6:   evilmike_catoblepas_cave, layout_layer_cave, slime_altar_1
Shoals:1: layout_shoals
Shoals:2: layout_shoals, uniq_nikola, uniq_roxanne, uniq_ilsuiw
Shoals:3: layout_shoals
Shoals:4: shoals_end_grunt_ice, layout_shoals, nicolae_shoals_circle_sea_wall
Snake:1:  layout_misc_corridors, basic_altar, serial_bayou_pond_e,
          hangedman_snake_corridor_split, minmay_shoptagon
Snake:2:  layout_cave_shapes, serial_shops, nicolae_shop_stone, shop, shop,
          shop, shop, hangedman_snake_corridor_cut, uniq_aizul, uniq_vashnia,
          uniq_donald
Snake:3:  layout_cave_town
Snake:4:  johnstein_snake_rune_scales, layout_cave_town
Slime:1:  layout_caves, basic_altar
Slime:2:  layout_caves
Slime:3:  layout_caves
Slime:4:  layout_caves
Slime:5
Orc:1:    layout_caves, mines4_lemuel
Orc:2:    st_orc_congregation, layout_caves
Elf:1:    minmay_the_grid_four_pointed_star
          [minmay_the_grid_triangle_9x9_zippers_horizontal,
          minmay_the_grid_triangle_9x9_dagger,
          minmay_the_grid_triangle_9x9_corruption,
          minmay_the_grid_triangle_9x9_shrine,
          minmay_the_grid_prize_inner_circle], layout_geoelf_grid,
          minmay_elf_necromancy, hangedman_elf_simple_split
Elf:2:    layout_geoelf_diagonals, serial_shops, bzr_entry_dummy
Elf:3:    minmay_elf_hall_x, layout_gridlike, serial_shops,
          nicolae_shop_behind_doors, serial_sigils_hangedman_scratch
Vaults:1: ontoclasm_vaults_idyll, v_misc_9, nicolae_vaults_murderbox,
          vaults_dpeg_diagonal, nicolae_vaults_shelves_hall, v_misc_17,
          vaults_room_semicircle, nicolae_vaults_little_squares_3,
          layout_vaults_maze_snakey, serial_shops, shop_statue
Vaults:2: gammafunk_vaults_ghost_door_vault, ontoclasm_vaults_spin,
          ontoclasm_vaults_misaligned, hangedman_vaults_restitches, v_rooms_3,
          minmay_crypt_entry_simple_plaza, hangedman_vaults_pinch, v_misc_14,
          v_misc_14, vaults_mumra_chevron, vaults_dpeg_encased_lava,
          layout_vaults_omnigrid, uniq_jory
Vaults:3: hangedman_vaults_river_flow, ontoclasm_vaults_hangar,
          nicolae_vaults_network_periphery, nicolae_vaults_octagons,
          vaults_room_stairs_pillars, nicolae_vaults_network_star,
          nicolae_vaults_mini_display_case, layout_vaults_chaotic_city,
          serial_shops, nicolae_shop_waterfront, nicolae_shop_window_shopping,
          shop_scrolls, shop, shop
Vaults:4: vaults_dpeg_ring, nicolae_vaults_diagonal_hallway_6,
          ontoclasm_vaults_loading_screen, grunt_vaults_bifocal,
          vaults_dpeg_doors, hangedman_vaults_corner_blocks, v_misc_25,
          nicolae_vaults_network_square, vaults_room_ringed_pool,
          vaults_room_corners, v_misc_18, nicolae_vaults_little_ls,
          layout_vaults_big_cross, uniq_bai_suzhen
Vaults:5: uniq_margery, uniq_frederick
Crypt:1:  layout_chaotic_city, basic_altar, infiniplex_enter_wizlab_glasses,
          grunt_crypt_arrival_split
Crypt:2:  layout_regular_city
Crypt:3:  evilmike_haunted_forest, uniq_boris
Tomb:1
Tomb:2
Tomb:3
Depths:1: layout_cave_pools, enter_ziggurat_c, skrybe_limestone_x, hellmouth_1,
          kennysheep_decorative_pillar, minmay_misc_feat_diagonals,
          lightli_giant_bouncers
Depths:2: evilmike_iron_armoury, layout_cross, hangedman_geh_valley,
          hangedman_abyss_or_decor_stabs, minmay_staircase_bubble
Depths:3: minmay_connected_triangles_in_corner, layout_gridville,
          rand_demon_pan_entry_1, minmay_room_of_horrors, hell_entry,
          infiniplex_staircase_pillars_3a, serial_bayou_shore_b,
          serial_bayou_shore_b, uniq_sojobo
Depths:4: kennysheep_scales, layout_basic, grunt_hell_entry_dis_grunt,
          abyss_entry_flame_altar, evilmike_spriggan_trog_shrine,
          infiniplex_staircase_trident
Depths:5: grunt_zot_entry_bicorn, layout_honeycomb,
          chequers_serial_rivers_small_a, hell_entry
Hell
Dis:1:    layout_gridville
Dis:2:    layout_subdivisions
Dis:3:    layout_gridville, hangedman_player_shredder
Dis:4:    layout_subdivisions
Dis:5:    layout_overlapping_boxes
Dis:6:    layout_regular_city
Dis:7:    iron_city_of_dis [dis_grunt, dis_wall_6], layout_chaotic_city
Geh:1:    layout_gehenna_lava_caves, lemuel_old_faithful
Geh:2:    layout_gehenna_lava_caves
Geh:3:    layout_gehenna_pools_basic
Geh:4:    layout_gehenna_pools_basic
Geh:5:    layout_gehenna_pools_box
Geh:6:    layout_gehenna_lava_caves
Geh:7:    geh_old
Coc:1:    layout_cocytus_water_paths
Coc:2:    layout_ice_bergs
Coc:3:    layout_ice_bergs
Coc:4:    layout_ice_bergs
Coc:5:    layout_ice_bergs
Coc:6:    layout_ice_bergs
Coc:7:    coc_old
Tar:1:    layout_cathedral_of_symmetry
Tar:2:    grunt_deathspiral_small, layout_cathedral_of_symmetry,
          hangedman_tartarus_temple_path
Tar:4:    layout_honeycomb, nicolae_tar_cuneiform_water,
          nicolae_tar_cuneiform_two, nicolae_tar_cuneiform_not,
          nicolae_tar_cuneiform_bread
Tar:5:    layout_grid_maze
Tar:6:    layout_cathedral_of_symmetry, grunt_megastairs_4
Tar:7:    tar_mu [tar_mu_maze]
Zot:1:    gammafunk_mikee_crab_dinner, layout_gridlike
Zot:2:    layout_gridlike, evilmike_ambush [evilmike_ambush_outer_doors,
          evilmike_ambush_inner_wall_1], lemuel_elevator, grunt_megastairs_3
Zot:3:    layout_onion
Zot:4:    layout_onion_interference
Zot:5:    layout_misc_corridors, st_stairs_6
Zig:19:   ziggurat_pillar_d, ziggurat_pillar_d, ziggurat_pillar_d,
          ziggurat_pillar_d

Skill      XL: |  1  2  3  4  5  6  7  8  9 10 11 12 13 14 15 16 17 18 19 20 21 22 23 24 25 26 27 |
---------------+----------------------------------------------------------------------------------+-----
Dodging        | 2 3 4 5 9 |  9.9
Conjurations   | 2 3 4 5 6 7 9 10 11 12 21 | 21.0
Translocations | 1 2 3 19 | 19.0
Poison Magic   | 1 2 3 4 6 |  6.0
Air Magic      | 1 2 3 4 5 8 11 12 13 15 17 18 21 | 21.0
Summonings     | 2 3 4 5 6 |  6.0
Spellcasting   | 4 5 7 8 9 10 11 12 13 14 15 16 17 18 27 | 27.0
Ice Magic      | 3 6 8 10 11 14 17 19 21 22 23 24 25 | 25.0
Shields        | 1 4 5 8 11 12 13 14 15 17 | 17.9
Stealth        | 3 5 7 8 |  8.5
Short Blades   | 2 4 5 7 8 |  8.0
Fighting       | 4 5 7 10 17 | 17.0
Armour         | 1 4 5 10 | 10.0
Transmutations | 1 4 6 10 | 10.1
Evocations     | 4 16 | 16.0
Staves         | 4 12 | 12.0
Fire Magic     | 21 | 21.0
Earth Magic    | 21 | 21.0

Action                   |  1- 3 |  4- 6 |  7- 9 | 10-12 | 13-15 | 16-18 | 19-21 | 22-24 | 25-27 || total
-------------------------+-------+-------+-------+-------+-------+-------+-------+-------+-------++-------
Melee: Short sword       |    16 |    20 |     3 |   233 |   401 |   200 |   238 |  1229 |   684 ||  3024
       Headbutt          |       |     6 |    26 |    68 |    59 |    49 |    49 |   332 |  1381 ||  1970
       Falchion          |       |    21 |       |       |       |       |       |       |       ||    21
       Dagger            |       |       |   125 |       |       |       |       |       |       ||   125
       Whip              |       |       |    76 |   171 |       |       |       |       |       ||   247
       Staff             |       |       |       |       |       |       |       |       |  5036 ||  5036
Throw: Dart              |       |       |     3 |    11 |       |       |       |       |       ||    14
 Cast: Magic Dart        |   116 |   223 |   175 |   242 |     9 |       |       |       |     1 ||   766
       Call Imp          |     5 |     3 |    12 |    10 |     4 |       |       |       |       ||    34
       Mephitic Cloud    |       |     1 |    29 |    74 |    11 |       |       |       |       ||   115
       Freeze            |       |       |     4 |   139 |   305 |    72 |    25 |     5 |     7 ||   557
       Frozen Ramparts   |       |       |       |    48 |    77 |    21 |     4 |       |       ||   150
       Blink             |       |       |       |     1 |       |     3 |     1 |       |       ||     5
       Conjure Ball Ligh |       |       |       |       |    97 |    77 |    40 |     6 |       ||   220
       Freezing Cloud    |       |       |       |       |     4 |    46 |    61 |    11 |       ||   122
       Irradiate         |       |       |       |       |     3 |    31 |     1 |    31 |     1 ||    67
       Ozocubu's Refrige |       |       |       |       |       |   210 |   388 |   235 |   467 ||  1300
       Absolute Zero     |       |       |       |       |       |       |     1 |   137 |   925 ||  1063
       Tornado           |       |       |       |       |       |       |       |       |    12 ||    12
       Ignition          |       |       |       |       |       |       |       |       |   163 ||   163
       Fire Storm        |       |       |       |       |       |       |       |       |   127 ||   127
       Shatter           |       |       |       |       |       |       |       |       |    29 ||    29
       Controlled Blink  |       |       |       |       |       |       |       |       |    10 ||    10
Evoke: Wand              |       |       |       |     4 |     9 |     5 |     6 |       |    14 ||    38
  Use: Scroll            |       |     5 |       |     1 |    16 |     9 |     4 |    18 |    50 ||   103
       Potion            |       |       |       |       |     2 |       |    11 |       |     6 ||    19
 Stab: Distracted        |     1 |       |       |     1 |       |     3 |     1 |     4 |    38 ||    48
       Confused          |       |       |    12 |    22 |     4 |       |       |       |       ||    38
       Sleeping          |       |       |       |     8 |    19 |     2 |     8 |    34 |    56 ||   127
  Eat: Chunk             |     6 |    12 |    21 |    24 |    38 |    38 |    40 |    37 |    23 ||   239
       Ration            |       |     1 |       |       |     8 |    10 |    12 |    20 |    56 ||   107
Armor: Robe              |     6 |       |       |       |       |       |       |       |       ||     6
       Leather armour    |    13 |    15 |    24 |       |       |       |       |       |       ||    52
       Acid dragon scale |       |       |    49 |   158 |   225 |       |       |       |       ||   432
       Ring mail         |       |       |       |       |    16 |   139 |   176 |   527 |  1997 ||  2855
Dodge: Dodged            |    42 |    74 |   174 |   289 |   418 |   154 |   238 |   463 |  1361 ||  3213
Block: Buckler           |       |       |     3 |   122 |   149 |    82 |   130 |       |       ||   486
       Kite shield       |       |       |       |       |       |       |    68 |   846 |  3798 ||  4712
       Reflection        |       |       |       |       |       |       |     5 |    29 |    35 ||    69
       Rpst.: Falchion   |       |     8 |       |       |       |       |       |       |       ||     8

Table legend:
 A = Non-vault XP
 B = Vault XP
 C = Vault XP percentage of total XP
 D = Non-vault monster count
 E = Vault monster count
 F = Vault count percentage of total count
                 A         B        C        D         E       F
            +---------+---------+-------+---------+---------+-------
      Total | 2649739 | 1917322 |  42.0 |    3840 |    1611 |  29.6
            +---------+---------+-------+---------+---------+-------
        D:1 |      64 |       0 |   0.0 |      27 |       0 |   0.0
        D:2 |      75 |      28 |  27.2 |      28 |       7 |  20.0
        D:3 |     146 |       0 |   0.0 |      40 |       0 |   0.0
        D:4 |     170 |     220 |  56.4 |      11 |       1 |   8.3
        D:5 |     445 |     254 |  36.3 |      21 |       3 |  12.5
        D:6 |     730 |     395 |  35.1 |      15 |       1 |   6.2
        D:7 |     378 |     914 |  70.7 |      13 |       6 |  31.6
        D:8 |    1777 |       0 |   0.0 |      15 |       0 |   0.0
        D:9 |    1193 |    1592 |  57.2 |      14 |       4 |  22.2
       D:10 |    3221 |    3322 |  50.8 |      36 |      22 |  37.9
       D:11 |    5929 |    5006 |  45.8 |      18 |       9 |  33.3
       D:12 |    1554 |    3707 |  70.5 |      12 |      10 |  45.5
       D:13 |    5050 |       0 |   0.0 |      25 |       0 |   0.0
       D:14 |    9622 |    4256 |  30.7 |      26 |       9 |  25.7
       D:15 |   11315 |    4513 |  28.5 |      34 |       8 |  19.0
     Lair:1 |    2666 |    1032 |  27.9 |      13 |       2 |  13.3
     Lair:2 |    2837 |       0 |   0.0 |      15 |       0 |   0.0
     Lair:3 |    8686 |    1562 |  15.2 |      28 |       4 |  12.5
     Lair:4 |   13211 |    3689 |  21.8 |      39 |       2 |   4.9
     Lair:5 |    4596 |     845 |  15.5 |      13 |       3 |  18.8
     Lair:6 |   12205 |   10704 |  46.7 |      42 |      23 |  35.4
   Shoals:1 |   14197 |       0 |   0.0 |      25 |       0 |   0.0
   Shoals:2 |    8693 |   10574 |  54.9 |      19 |       8 |  29.6
   Shoals:3 |   17314 |       0 |   0.0 |      37 |       0 |   0.0
   Shoals:4 |   15152 |   22426 |  59.7 |      30 |      33 |  52.4
    Snake:1 |   11439 |    6115 |  34.8 |      23 |      14 |  37.8
    Snake:2 |   31455 |   16996 |  35.1 |      55 |      23 |  29.5
    Snake:3 |   15582 |       0 |   0.0 |      26 |       0 |   0.0
    Snake:4 |   18739 |   36819 |  66.3 |      38 |      67 |  63.8
    Slime:1 |   18792 |       0 |   0.0 |      26 |       0 |   0.0
    Slime:2 |   14949 |       0 |   0.0 |      25 |       0 |   0.0
    Slime:3 |   10810 |       0 |   0.0 |      13 |       0 |   0.0
    Slime:4 |    7324 |       0 |   0.0 |       8 |       0 |   0.0
    Slime:5 |    7963 |   32036 |  80.1 |       9 |      11 |  55.0
      Orc:1 |     266 |       0 |   0.0 |       6 |       0 |   0.0
      Orc:2 |    2154 |   11394 |  84.1 |      21 |      67 |  76.1
      Elf:1 |   12127 |    8820 |  42.1 |      19 |      22 |  53.7
      Elf:2 |   23834 |   24472 |  50.7 |      37 |      31 |  45.6
      Elf:3 |    8762 |   45578 |  83.9 |      14 |      32 |  69.6
   Vaults:1 |   51703 |    6510 |  11.2 |      82 |       7 |   7.9
   Vaults:2 |   14190 |   44366 |  75.8 |      24 |      34 |  58.6
   Vaults:3 |   45741 |   24285 |  34.7 |      65 |      38 |  36.9
   Vaults:4 |   30395 |   13238 |  30.3 |      40 |      11 |  21.6
   Vaults:5 |   36660 |  122887 |  77.0 |      48 |      86 |  64.2
    Crypt:1 |   38040 |       0 |   0.0 |      49 |       0 |   0.0
    Crypt:2 |   25004 |       0 |   0.0 |      37 |       0 |   0.0
    Crypt:3 |       0 |   66938 | 100.0 |       0 |      96 | 100.0
     Tomb:1 |   18954 |  149136 |  88.7 |      30 |      51 |  63.0
     Tomb:2 |   21790 |   74424 |  77.4 |      39 |      79 |  66.9
     Tomb:3 |    9282 |   87715 |  90.4 |      21 |      58 |  73.4
   Depths:1 |   30766 |   18150 |  37.1 |      44 |      13 |  22.8
   Depths:2 |   25006 |   16525 |  39.8 |      26 |      17 |  39.5
   Depths:3 |   33496 |   15533 |  31.7 |      51 |      19 |  27.1
   Depths:4 |   39851 |   12107 |  23.3 |      49 |      13 |  21.0
   Depths:5 |   45354 |   23087 |  33.7 |      47 |      14 |  23.0
       Hell |    8832 |   25820 |  74.5 |       8 |      53 |  86.9
      Dis:1 |    4383 |       0 |   0.0 |       6 |       0 |   0.0
      Dis:3 |    8967 |       0 |   0.0 |      14 |       0 |   0.0
      Dis:4 |    2346 |       0 |   0.0 |       3 |       0 |   0.0
      Dis:5 |     605 |       0 |   0.0 |       2 |       0 |   0.0
      Dis:6 |    6750 |       0 |   0.0 |      21 |       0 |   0.0
      Dis:7 |   96804 |  121520 |  55.7 |     101 |      88 |  46.6
      Geh:2 |     750 |       0 |   0.0 |       6 |       0 |   0.0
      Geh:3 |   12898 |       0 |   0.0 |      17 |       0 |   0.0
      Geh:4 |   12640 |       0 |   0.0 |      18 |       0 |   0.0
      Geh:5 |    3854 |       0 |   0.0 |       6 |       0 |   0.0
      Geh:6 |   20653 |       0 |   0.0 |      54 |       0 |   0.0
      Geh:7 |   67137 |   59066 |  46.8 |     100 |      42 |  29.6
      Coc:1 |    9461 |       0 |   0.0 |      21 |       0 |   0.0
      Coc:2 |   19919 |       0 |   0.0 |      52 |       0 |   0.0
      Coc:3 |   33314 |       0 |   0.0 |      60 |       0 |   0.0
      Coc:4 |    5326 |       0 |   0.0 |       7 |       0 |   0.0
      Coc:5 |   11021 |       0 |   0.0 |      42 |       0 |   0.0
      Coc:6 |   19647 |       0 |   0.0 |      41 |       0 |   0.0
      Coc:7 |   46245 |   74533 |  61.7 |      47 |      45 |  48.9
      Tar:1 |   24458 |       0 |   0.0 |      40 |       0 |   0.0
      Tar:2 |   18816 |       0 |   0.0 |      13 |       0 |   0.0
      Tar:4 |   26644 |       0 |   0.0 |      47 |       0 |   0.0
      Tar:5 |   50132 |       0 |   0.0 |      54 |       0 |   0.0
      Tar:6 |    6496 |       0 |   0.0 |       5 |       0 |   0.0
      Tar:7 |  157857 |  124329 |  44.1 |     169 |      83 |  32.9
      Zot:1 |   35842 |   17538 |  32.9 |      23 |      12 |  34.3
      Zot:2 |   49605 |   62820 |  55.9 |      33 |      28 |  45.9
      Zot:3 |   71265 |       0 |   0.0 |      41 |       0 |   0.0
      Zot:4 |   54467 |       0 |   0.0 |      29 |       0 |   0.0
      Zot:5 |   78461 |  198229 |  71.6 |      45 |      45 |  50.0
    Abyss:1 |   94953 |   14264 |  13.1 |     157 |      28 |  15.1
    Abyss:2 |   59290 |     317 |   0.5 |     107 |       3 |   2.7
    Abyss:3 |   49353 |   13266 |  21.2 |     103 |      14 |  12.0
    Abyss:4 |   31553 |     411 |   1.3 |      58 |       1 |   1.7
        Pan |  278625 |  252059 |  47.5 |     325 |     174 |  34.9
      Zig:1 |    3593 |       0 |   0.0 |       1 |       0 |   0.0
      Zig:2 |    1511 |       0 |   0.0 |       4 |       0 |   0.0
      Zig:3 |    2021 |       0 |   0.0 |       5 |       0 |   0.0
      Zig:4 |    5043 |       0 |   0.0 |       4 |       0 |   0.0
      Zig:5 |    6201 |       0 |   0.0 |       7 |       0 |   0.0
      Zig:6 |    8380 |       0 |   0.0 |       6 |       0 |   0.0
      Zig:7 |   10164 |       0 |   0.0 |      13 |       0 |   0.0
      Zig:8 |   10917 |       0 |   0.0 |      15 |       0 |   0.0
      Zig:9 |   15683 |       0 |   0.0 |      11 |       0 |   0.0
     Zig:10 |   10302 |       0 |   0.0 |      21 |       0 |   0.0
     Zig:11 |   15852 |       0 |   0.0 |      21 |       0 |   0.0
     Zig:12 |   34696 |       0 |   0.0 |      17 |       0 |   0.0
     Zig:13 |   31101 |       0 |   0.0 |      41 |       0 |   0.0
     Zig:14 |   46413 |       0 |   0.0 |      21 |       0 |   0.0
     Zig:15 |   32673 |       0 |   0.0 |      32 |       0 |   0.0
     Zig:16 |   22974 |       0 |   0.0 |      40 |       0 |   0.0
     Zig:17 |   34832 |       0 |   0.0 |      59 |       0 |   0.0
     Zig:18 |   40866 |      31 |   0.1 |      43 |       1 |   2.3
     Zig:19 |   45494 |       0 |   0.0 |      36 |       0 |   0.0
     WizLab |       0 |   20949 | 100.0 |       0 |      36 | 100.0
            +---------+---------+-------+---------+---------+-------
